Cogmind - Beta 11.1 @@@ ROGUE MODE // 2022.05.13 @ 10:55:59 Player: blelm Result: Escaped singularity! Performance ------------- Evolutions (9) 4500 Regions Visited (34) 6800 Robots Destroyed (697) 3485 Value Destroyed (40403) 40403 Prototype IDs (280) 5600 Alien Tech Used (14) 2800 Bonus (84400) 84400 TOTAL SCORE: 147988 Bonus ------- Triggered High Security 500 High Alert Combat Kills 39492 Follower Combat Kills 1060 Network Hubs Disabled 400 Met Data Miner 300 Met Imprinter 300 Met Zhirov 300 A7 Reached Mainframe 300 Met R17 at Cetus 500 Used Core Reset Matrix 3000 Scanned by Researcher 500 Destroyed MAIN.C Guards 500 Met MAIN.C 5000 Destroyed MAIN.C Shell 5000 Destroyed MAIN.C 10000 Met Architect 300 Destroyed A8 300 Destroyed A6 400 Destroyed Architect 15000 Win 3000 Friendly Fire -1752 Cogmind --------- Core Integrity 603/1600 Matter 165/300 Energy 348/350 System Corruption 0% Temperature Cool (0) Movement Core (50) Location Near Former Tau Ceti IV Parts ------- > --- POWER (4) -------- (None) > --- PROPULSION (6) --- (None) > --- UTILITY (12) ----- (None) > --- WEAPON (4) ------- (None) > --- INVENTORY (7) ---- Zero-point Reactor Armored Heavy Treads Biometal Heavy Treads Experimental Weapon Cycler Compact HERF Cannon Peak State ------------ > --- POWER ------------ Quantum Reactor Quantum Reactor Improved Quantum Reactor Zero-point Reactor > --- PROPULSION ------- Centrium Heavy Treads Biometal Heavy Treads Experimental Biometal Heavy Treads > --- UTILITY ---------- Experimental Power Amplifier Experimental Heat Sink Huge Storage Unit Advanced Terrain Scan Processor Experimental Core Analyzer Quantum Capacitor Advanced Weapon Cycler SHELL Armor AEGIS Remote Shield > --- WEAPON ----------- Cooled Nova Cannon Ragnarok Missile Launcher Sigix Broadsword > --- INVENTORY -------- Zero-point Reactor Armored Heavy Treads Experimental Energy Well Experimental Energy Well Experimental Energy Well Experimental Energy Well Experimental Matter Compressor Experimental Matter Compressor Spectral Analyzer Long-range Terrain Scanner Improved Armor Integrity Analyzer Experimental EM Disruption Field Advanced Force Field Long-range Tractor Beam Transdimensional Reconstructor Integrity Redistributor Subatomic Replicator Spacefold Activator Gamma Rifle Improved Potential Cannon Hypercooled Linear Accelerator Graviton Cannon Graviton Cannon Gamma Bomb Array Gamma Bomb Array [Rating: 263] Favorites ----------- Power Quantum Reactor Engine F-cell Engine Power Core Neutrino Core Reactor Quantum Reactor Propulsion Armored Heavy Treads Treads Armored Heavy Treads Leg Aluminum Leg Wheel Armored Huge Wheel Utility Huge Storage Unit Device Advanced Force Field Storage Huge Storage Unit Processor Advanced Terrain Scan Processor Hackware Advanced Hacking Suite Protection SHELL Armor Artifact Spacefold Activator Weapon Enhanced Autogun Energy Gun Improved Medium Laser Energy Cannon Enhanced Nova Cannon Ballistic Gun Enhanced Autogun Ballistic Cannon Linear Accelerator Launcher Ragnarok Missile Launcher Special Weapon Mining Laser Impact Weapon Great Maul Slashing Weapon Sigix Broadsword Piercing Weapon CR-A16's Pointy Stick Build | -11 -10 -10 -10 -9 -8 -8 -7 -7 -7 -7 -6 -6 -6 -6 -6 -5 -5 -5 -5 -5 -5 -4 -4 -4 -4 -3 -3 -3 -2 -2 -2 -1 -1 -1 ------- Run | Scr Mat Min Exi Min Mat Sto Fac Low Low Dat Pro Fac Low Low Zio Pro Fac Ext Cet Arc Hub Fac Upp Upp Zhi Pro Res Tes Res Qua Sec Acc Com Ac0 Slots Evolved 18 | . . . . . 4 . 2 . . . . 2 . . . . 2 . . . . 2 . . . . 2 . 2 . . 2 . . Power 2 | . . . . . . . . . . . . 1 . . . . . . . . . . . . . . . . . . . 1 . . Propulsion 4 | . . . . . 2 . . . . . . . . . . . . . . . . 2 . . . . . . . . . . . . Utility 10 | . . . . . 2 . 1 . . . . 1 . . . . 2 . . . . . . . . . 2 . 2 . . . . . Weapon 2 | . . . . . . . 1 . . . . . . . . . . . . . . . . . . . . . . . . 1 . . Parts Attached 1282 | 3 14 6 1 2 22 59 23 15 7 4 10 12 22 14 3 19 33 22 12 18 38 37 27 7 6 5 17 86 43 91 71 95 425 13 Power 78 | . 2 . . . 1 5 1 . . . . 1 . . . . 1 . 2 . 2 . 1 . 1 . . 2 1 9 2 4 43 . Engine 11 | . 2 . . . 1 5 1 . . . . 1 . . . . . . 1 . . . . . . . . . . . . . . . Core 1 | . . . . . . . . . . . . . . . . . 1 . . . . . . . . . . . . . . . . . Reactor 66 | . . . . . . . . . . . . . . . . . . . 1 . 2 . 1 . 1 . . 2 1 9 2 4 43 . Propulsion 98 | 2 4 2 . . 7 9 3 . 1 . . . 3 . . 3 . 6 2 5 . 4 . . . . . 3 3 6 4 4 27 . Treads 95 | 1 4 2 . . 7 9 3 . 1 . . . 2 . . 3 . 6 2 4 . 4 . . . . . 3 3 6 4 4 27 . Leg 1 | . . . . . . . . . . . . . . . . . . . . 1 . . . . . . . . . . . . . . Wheel 2 | 1 . . . . . . . . . . . . 1 . . . . . . . . . . . . . . . . . . . . . Hover . | . . . . . . . . . . . . . . . . . . . . . . . . . . . . . . . . . . . Flight . | . . . . . . . . . . . . . . . . . . . . . . . . . . . . . . . . . . . Utility 739 | 1 4 3 1 . 3 14 11 9 5 1 5 6 10 8 1 11 23 10 5 9 20 23 19 4 5 3 13 51 26 63 54 73 234 11 Device 579 | 1 2 3 . . 2 7 6 7 5 . 4 4 6 5 . 8 12 5 2 6 10 17 15 3 2 2 8 40 22 60 47 68 190 10 Storage 26 | . 1 . 1 . . 1 . . . . . . . . . . . . . 1 1 . . . 1 . . 4 3 1 . 1 11 . Processor 20 | . . . . . . . 1 1 . . . . . . . . . 1 . . 1 . . . . . . . 1 1 2 2 10 . Hackware 6 | . 1 . . . . . . . . . . . . . . . 2 . . . . 1 . . . . . 1 . . . . 1 . Protection 100 | . . . . . 1 6 4 1 . 1 1 2 4 3 1 3 9 4 3 2 8 5 4 1 2 1 5 6 . 1 . . 21 1 Artifact 8 | . . . . . . . . . . . . . . . . . . . . . . . . . . . . . . . 5 2 1 . Weapon 367 | . 4 1 . 2 11 31 8 6 1 3 5 5 9 6 2 5 9 6 3 4 16 10 7 3 . 2 4 30 13 13 11 14 121 2 Energy Gun 17 | . . . . . 3 5 . . . . . 1 . . . . . . 1 . . . . . . . . 2 . . . . 5 . Energy Cannon 136 | . . . . . . 2 1 . . . 2 . 4 2 . 1 4 . . . 7 3 2 2 . 1 1 17 8 8 8 9 52 2 Ballistic Gun 128 | . 3 . . . 5 14 4 3 . 3 2 3 4 1 . 1 4 5 2 4 8 7 4 1 . . 1 11 5 5 1 . 27 . Ballistic Cannon 5 | . . . . . . . . . . . . . . . . . . . . . . . . . . . . . . . . . 5 . Launcher 53 | . . 1 . 1 2 1 2 1 . . 1 . 1 3 . 2 1 . . . 1 . . . . 1 2 . . . 1 5 27 . Special Weapon 8 | . 1 . . 1 . 6 . . . . . . . . . . . . . . . . . . . . . . . . . . . . Impact Weapon 10 | . . . . . 1 3 1 2 1 . . 1 . . 1 . . . . . . . . . . . . . . . . . . . Slashing Weapon 6 | . . . . . . . . . . . . . . . . . . . . . . . . . . . . . . . 1 . 5 . Piercing Weapon 4 | . . . . . . . . . . . . . . . 1 1 . 1 . . . . 1 . . . . . . . . . . . Special Melee Weapon . | . . . . . . . . . . . . . . . . . . . . . . . . . . . . . . . . . . . Unidentified Prototypes 66 | . . 1 . . 2 9 . . . . 2 . . . . . 1 . 4 2 2 . 1 . 4 . . 13 . 2 5 2 16 . Corrupted Parts 6 | . . . . . . . . . . . . . . . . 2 . . . 4 . . . . . . . . . . . . . . System Corruption 32 | . . . . . . . . . . . . . . . . 18 . . . 14 . . . . . . . . . . . . . . Parts Lost 24 | . 3 . . . 3 2 . . . . . . 2 . . . 2 . . . . . . . . . . 1 . . . . 9 2 Power 4 | . 1 . . . 1 . . . . . . . . . . . . . . . . . . . . . . . . . . . 2 . Propulsion 4 | . 1 . . . 1 . . . . . . . 1 . . . . . . . . . . . . . . . . . . . 1 . Utility 9 | . . . . . . 2 . . . . . . . . . . 2 . . . . . . . . . . 1 . . . . 2 2 Weapon 7 | . 1 . . . 1 . . . . . . . 1 . . . . . . . . . . . . . . . . . . . 4 . Highest Loss Streak 4 | . 1 . . . 3 1 . . . . . . 2 . . . 2 . . . . . . . . . . 1 . . . . 4 2 To Critical Strikes . | . . . . . . . . . . . . . . . . . . . . . . . . . . . . . . . . . . . Average Slot Usage (%) 80 | . 99 100 100 100 97 99 98 100 100 85 99 93 87 86 86 85 87 93 93 87 87 83 83 85 84 85 85 78 78 78 72 72 71 67 Engine 3 | . 13 14 14 14 9 8 7 7 7 7 7 13 13 13 13 13 6 5 5 5 4 . . . . . . . . . . . . . Reactor 9 | . . . . . . . . . . . . . . . . . . . 3 5 5 10 10 15 15 15 13 13 12 12 12 14 14 10 Treads 15 | . 26 28 28 28 35 36 29 30 30 30 30 26 15 13 13 13 11 21 17 10 11 15 15 15 15 15 13 13 12 11 12 11 10 10 Device 14 | . 13 14 14 14 21 15 21 16 15 13 14 13 12 12 13 12 13 18 15 17 20 17 20 19 19 19 21 15 15 15 14 14 13 11 Storage 4 | . 14 14 14 14 9 9 7 7 7 7 7 6 6 6 6 6 5 5 5 5 5 5 5 5 5 5 4 4 4 4 4 3 3 2 Processor 8 | . . . . . . . . 6 7 7 7 6 6 6 6 6 5 5 11 11 11 10 10 10 10 10 9 9 12 12 12 11 10 13 Protection 5 | . . . . . 3 11 7 7 7 8 7 6 6 6 6 6 8 6 11 9 7 7 5 5 5 5 9 5 4 4 4 3 5 6 Energy Cannon 2 | . . . . . . . 1 . . . . 3 2 3 . . 2 . . . 2 2 2 . 5 3 3 2 3 5 3 6 2 2 Ballistic Gun 8 | . 25 14 14 14 12 11 20 20 23 1 21 16 16 15 14 13 13 16 15 17 14 12 11 14 10 10 9 10 8 6 2 . 1 . Launcher 1 | . . 14 14 11 2 . . . . . . . . . . 1 . . . . . . . . . 1 . . . . . . 1 . Slashing Weapon 1 | . . . . . . . . . . . . . . . . . . . . . . . . . . . . . . . 2 3 2 2 Naked Turns 6 | . . . . . . . . . . . . . . . . . . . . . . . . . . . . . . . . . . 6 Heaviest Build 312 | 14 27 28 48 48 55 120 126 117 120 115 119 139 143 142 137 143 152 153 159 154 166 165 182 193 187 185 188 212 208 222 214 244 312 231 Greatest Support 250 | 20 40 40 40 40 80 88 86 86 86 86 86 86 86 28 28 28 28 106 160 160 160 240 235 235 235 235 235 235 230 220 230 245 250 230 Greatest Overweight (x) 51 | . . . 1 1 . 1 1 1 1 1 1 1 4 5 4 5 5 5 1 51 1 . . . . . . . 1 1 1 1 1 1 Average Overweight (x) 1 | . . . . 1 . . 1 1 1 1 1 1 3 4 4 4 4 1 . 10 . . . . . . . . . . . . . . Largest Inventory Capacity 27 | 8 15 15 20 20 20 25 25 25 25 25 25 25 25 25 25 25 25 25 25 25 25 25 25 25 25 25 25 25 25 25 27 27 27 27 Average Capacity 25 | 8 9 15 19 20 20 24 25 25 25 25 25 25 25 25 25 25 25 25 25 25 25 25 25 25 25 25 25 25 25 25 25 27 27 26 Most Carried 27 | 7 15 15 17 17 20 25 25 25 25 25 25 25 25 24 25 25 25 25 25 25 25 25 25 25 25 25 25 25 25 25 27 27 27 27 Average Carried 24 | 5 8 14 15 17 18 24 24 24 24 25 24 24 24 23 24 25 24 24 24 24 24 24 24 24 24 25 24 24 23 24 25 26 25 25 Final Capacity 27 | 8 15 15 20 20 20 25 25 25 25 25 25 25 25 25 25 25 25 25 25 25 25 25 25 25 25 25 25 25 25 25 27 27 27 7 Final Carried 27 | 5 14 15 17 17 20 25 25 25 25 25 25 25 23 24 25 25 25 25 25 25 25 25 24 25 25 25 24 25 25 25 27 27 27 7 Class Distribution -------------------- 27% | Generator-Mutant 18% | Scavenger-Mutant 16% | Mutant 10% | Tank 9% | Alien-Mutant 7% | Scavenger-Tank 3% | Scavenger-Gunner Dominant Class ---------------- Mutant | -10/Materials Mutant | -10/Mines Mutant | -10/Exiles Mutant | -9/Mines Mutant | -8/Materials Mutant | -8/Storage Tank | -7/Factory Tank | -7/Lower Caves Tank | -7/Lower Caves Mutant | -7/Data Miner Tank | -6/Proximity Caves Mutant | -6/Factory Tank | -6/Lower Caves Mutant | -6/Lower Caves Mutant | -6/Zion Mutant | -5/Proximity Caves Mutant | -5/Factory Commander-Tank | -5/Extension Scavenger-Tank | -5/Cetus Scavenger-Tank | -5/Archives Scavenger-Mutant | -5/Hub_04(d) Scavenger-Tank | -4/Factory Scavenger-Mutant | -4/Upper Caves Scavenger-Tank | -4/Upper Caves Scavenger-Mutant | -4/Zhirov Scavenger-Mutant | -3/Proximity Caves Scavenger-Mutant | -3/Research Generator-Mutant | -3/Testing Generator-Mutant | -2/Research Generator-Mutant | -2/Quarantine Generator-Mutant | -2/Section 7 Alien-Assassin | -1/Access Generator-Mutant | -1/Command Generator-Mutant | -1/Access_0 Resources | -11 -10 -10 -10 -9 -8 -8 -7 -7 -7 -7 -6 -6 -6 -6 -6 -5 -5 -5 -5 -5 -5 -4 -4 -4 -4 -3 -3 -3 -2 -2 -2 -1 -1 -1 ----------- Run | Scr Mat Min Exi Min Mat Sto Fac Low Low Dat Pro Fac Low Low Zio Pro Fac Ext Cet Arc Hub Fac Upp Upp Zhi Pro Res Tes Res Qua Sec Acc Com Ac0 Matter Collected 31821 | 290 314 22 100 63 503 1365 553 390 227 . 452 67 432 374 20 300 667 558 351 530 940 1099 378 170 382 90 163 2009 956 1427 1424 1014 14186 5 Remotely 10326 | . 283 22 . . 503 66 . . . . . . . . . . . . . . . 414 146 . . . . 863 317 192 592 602 6326 . Salvage Created 54301 | 191 457 . . 85 542 2437 517 334 152 . 313 42 402 363 . 374 945 560 470 742 1128 1458 439 222 230 127 175 2175 1007 670 1609 2449 33116 570 Parts 2336 | 14 34 . . 7 31 101 25 13 8 . 12 3 16 15 . 36 47 21 23 58 65 74 25 10 . 6 4 126 50 52 84 102 1264 10 Haulers Intercepted 12 | . 2 . . . 2 6 . . . . . . . . . . . . . . 1 1 . . . . . . . . . . . . Recyclers Shooed 15 | . 1 . . . 3 2 . . . . . . . . . . 1 1 . . 1 1 . . . . . 3 . . . 1 1 . Parts Field Recycled . | . . . . . . . . . . . . . . . . . . . . . . . . . . . . . . . . . . . Retrieved Matter . | . . . . . . . . . . . . . . . . . . . . . . . . . . . . . . . . . . . Parts Self-Destructed 131 | . . . . . . . . 13 10 . 22 . 2 12 . 33 . . . . . . 24 10 . 5 . . . . . . . . Prevented 13 | . . . . . . . . . . . . . 10 . . . . . . . . . . . . 3 . . . . . . . . Kills | -11 -10 -10 -10 -9 -8 -8 -7 -7 -7 -7 -6 -6 -6 -6 -6 -5 -5 -5 -5 -5 -5 -4 -4 -4 -4 -3 -3 -3 -2 -2 -2 -1 -1 -1 ------- Run | Scr Mat Min Exi Min Mat Sto Fac Low Low Dat Pro Fac Low Low Zio Pro Fac Ext Cet Arc Hub Fac Upp Upp Zhi Pro Res Tes Res Qua Sec Acc Com Ac0 Combat Hostiles Destroyed 854 | . 9 . . 4 9 29 9 10 2 . 6 1 7 11 . 16 13 7 6 3 13 22 6 3 . 5 2 24 12 10 18 40 549 8 Melee 3 | . . . . . . . . . . . . . . . . 1 . . . . . . . . . . . . . 1 1 . . . Guns 184 | . 9 . . . 3 28 6 7 2 . 2 1 1 1 . 6 10 7 6 3 10 22 5 3 . . 2 24 8 5 3 . 10 . Cannons 89 | . . . . . . . . . . . . . 1 . . . 1 . . . . . . . . . . . 2 . 11 14 58 2 AOE 475 | . . . . 4 6 . 3 3 . . 4 . 3 10 . 9 1 . . . 3 . . . . 5 . . . . . 13 407 4 Classes Destroyed 31 | 2 5 . . 1 3 4 1 . 2 . . . 1 1 . . 1 . . . 1 . . . . . . 2 . . 1 . 6 . Worker 46 | . 1 . . . . 3 . . . . . . . . . . 1 . . . 4 1 . . . . . 3 1 . 1 2 29 . Builder 13 | . . . . . 2 . 1 . . . . . . . . . 2 2 . . 2 . . . . . . 1 . . . 3 . . Tunneler 6 | 5 . . . . . . . . . . . . . . . . . . . . . 1 . . . . . . . . . . . . Hauler 12 | . 2 . . . 2 6 . . . . . . . . . . . . . . 1 1 . . . . . . . . . . . . Recycler 27 | 1 1 . . 1 2 6 1 . . . . . . . . . 1 . . . 1 . . . . . . 2 . . 1 2 8 . Carrier 2 | . . . . . . . . . . . . . . . . . . . . . . . . . . . . . . . . . 2 . Mechanic 21 | . . . . . . 4 2 . . . . . . . . . . . . . . . . . . . . . . . . . 15 . Operator 10 | . . . . . 1 . . . . . . . . . . . . . . 8 . . . . . . . 1 . . . . . . Drone 1 | . . . . . . . . . 1 . . . . . . . . . . . . . . . . . . . . . . . . . Watcher 16 | . 1 . . . 2 1 1 . . . . . . . . . . 1 . . 1 . . . . . . 1 1 . . . 7 . Swarmer 116 | . 3 . . 3 4 4 3 6 . . 1 . . 3 . 14 . . . . 4 5 . . . 5 . . . 1 . 10 50 . Cutter 11 | . . . . . . . . . . . . . . . . . . . . . . . . . . . . . . . . . 11 . Saboteur 17 | . . . . . . . . . . . . . . . . . . . . . . . . . . . . . . . . . 17 . Grunt 272 | . 6 . . . 3 10 2 4 . . 4 . 4 6 . . 6 4 . . 2 10 3 3 . . . 11 2 . 3 8 181 . Brawler 42 | . . . . . . 2 1 . . . 1 . . 2 . . . . . . . . . . . . . . . . . 1 35 . Duelist 40 | . . . . . . . . . . . . . . . . . 1 . . . . . . . . . . . . . . . 39 . Protector 24 | . . . . . . . . . . . . . . . . . . . . . 1 . . . . . . . . . . . 23 . Researcher 2 | . . . . . . . . . . . . . . . . . . . . . . . . . . . . 1 . . 1 . . . Sentry 35 | . . . . . 2 10 1 . 1 . . . . . . 1 2 3 . 3 3 1 . . . . 2 . 1 . . 1 4 . Demolisher 13 | . . . . . . 1 . . . . . . . . . . . . . . . . . . . . . . . . . . 12 . Specialist 24 | . . . . . . . . . . . . . . . . . . . . . . . . . . . . . . . . . 24 . Hunter 81 | . . . . . . 2 . . . . . . 2 . . . 2 . 1 . . 2 2 . . . . . 4 . 2 6 58 . Programmer 109 | . . . . . . . 2 . . . . 1 . . . . 2 . . . . 4 . . . . . 10 5 4 10 14 57 . Heavy 2 | . . . . . . . . . . . . . . . . . . . . . . . . . . . . . . . . . 2 . Behemoth 7 | . . . . . . . . . 1 . . . 1 . . 1 . . . . . . 1 . . . . . . . . . 3 . Cetus Guard 5 | . . . . . . . . . . . . . . . . . . . 5 . . . . . . . . . . . . . . . Quarantine Guard 5 | . . . . . . . . . . . . . . . . . . . . . . . . . . . . . . 5 . . . . S7 Guard 1 | . . . . . . . . . . . . . . . . . . . . . . . . . . . . . . . 1 . . . M Guard 2 | . . . . . . . . . . . . . . . . . . . . . . . . . . . . . . . . . 2 . Enhanced Grunt 6 | . . . . . . . . . . . 1 . . . . . . . . 1 . . . . . . . . . . . . . 4 Enhanced Hunter 1 | . . . . . . . . . . . . . . . . . . . . . . . . . . . . . . . . . . 1 Lightning 3 | . . . . . . . . . . . . . . . . . . . . . 3 . . . . . . . . . . . . . Combat Programmer 2 | . . . . . . . . . . . . . . . . . . . . . . . . . . . . . . . . . 2 . Investigator 2 | . . . . . . . . . . . . . . . . . . . . . . . . . . . . . . . . . 2 . Striker 13 | . . . . . . . . . . . . . . . . . . . . . . . . . . . . 2 . . . . 11 . Executioner 16 | . . . . . . . . . . . . . . . . . . . . . . . . . . . . . . . 2 . 14 . Alpha 7 2 | . . . . . . . . . . . . . . . . . . . . . . . . . . . . . . . . . 2 . Protovariant P 1 | . . . . . . . . . . . . . . . . . . . . . . . . . . . . 1 . . . . . . Tinkerer 1 | . . . . . . . . . . . . . . 1 . . . . . . . . . . . . . . . . . . . . Assembled 1 | . . . . 1 . . . . . . . . . . . . . . . . . . . . . . . . . . . . . . Mutant 1 | . . . . . . . . . . . . . 1 . . . . . . . . . . . . . . . . . . . . . Best Kill Streak 57 | 4 4 . . 3 5 8 5 7 1 . 4 1 4 4 . 6 6 3 3 8 7 8 3 3 . 5 1 6 4 2 5 13 57 3 Combat Bots Only 57 | . 3 . . 3 4 7 5 7 1 . 4 1 4 4 . 6 4 3 3 2 4 7 3 3 . 5 1 4 3 2 3 9 57 3 Max Kills in Single Turn 15 | 1 1 . . 2 2 1 4 3 1 . 2 1 2 3 . 4 2 2 1 1 3 2 1 1 . 3 1 2 2 1 2 4 15 2 Gunslinging 1 | . . . . . . . . . . . . . . . . . . . . . . . . . . . . 1 . . 1 . . . Exploded 15 | . . . . 2 2 . 3 3 . . 2 . 2 3 . 4 1 . . . 2 . . . . 3 . . . . . 3 15 1 Melee 1 | . . . . . . . . . . . . . . . . 1 . . . . . . . . . . . . . 1 1 . . . Uniques/NPCs Destroyed 5 | . . . . . . . . . . . . . . . . . . . . . . . . . . . . . . . . . 2 3 MAIN.C Shell (-1/Command) MAIN.C (-1/Command) A8 (-1/Access_0) A6 (-1/Access_0) Architect (-1/Access_0) Combat | -11 -10 -10 -10 -9 -8 -8 -7 -7 -7 -7 -6 -6 -6 -6 -6 -5 -5 -5 -5 -5 -5 -4 -4 -4 -4 -3 -3 -3 -2 -2 -2 -1 -1 -1 -------- Run | Scr Mat Min Exi Min Mat Sto Fac Low Low Dat Pro Fac Low Low Zio Pro Fac Ext Cet Arc Hub Fac Upp Upp Zhi Pro Res Tes Res Qua Sec Acc Com Ac0 Damage Taken 38300 | . 879 . . 135 473 1895 549 408 284 . 91 31 625 216 52 305 805 179 123 195 1899 770 420 83 . 34 211 1360 421 988 1193 1253 18331 4092 Core 2273 | . 151 . . 14 58 178 14 31 16 . . . 15 27 . 12 112 . . . 52 45 10 . . . . 44 . 23 290 142 550 489 Absorbed by Shields 26411 | . . . . . . . 14 157 111 . 35 12 229 225 55 323 579 186 127 203 837 631 312 88 . 35 218 1399 444 1021 990 1195 13040 3945 Reduced by Siege Mode 1872 | . . . . . . . . . . . . . . . . . . . . 23 126 70 18 3 . . 8 118 27 26 55 68 1301 29 Redirected to Shielding 335 | . . . . . . 89 . . . . . . 64 . . 4 36 . . . . . . . . . . . . . . . 7 135 Regen/Repaired (Parts) 16447 | . . . . . . 288 361 . . . . . . . . . . . . . . . . . . . . 484 228 429 543 568 10002 3544 Core Remaining (%) 76 | 100 . . . 34 . 57 . . . . 91 . . . . 93 . . . . 83 . . . . 95 . 96 . . 78 . . 37 Volleys Fired 2262 | 15 55 . . 9 57 149 32 14 8 . 21 8 43 24 . 11 51 22 16 29 64 56 16 8 8 5 20 112 50 66 105 146 974 68 Largest 4 | 2 2 . . 1 2 2 3 3 3 . 3 3 3 3 . 3 3 3 3 3 3 3 3 3 1 1 3 3 3 3 3 2 4 1 Hottest 290 | 40 100 . . 100 81 112 75 75 75 . 75 90 90 90 . 78 91 99 240 105 105 105 105 105 90 90 105 240 200 155 120 160 290 200 Shots Fired 3561 | 30 104 . . 9 99 277 88 42 28 . 54 20 53 36 . 27 101 67 46 82 148 140 34 20 8 5 38 252 84 104 132 148 1217 68 Gun 2027 | 30 102 . . . 84 256 86 41 28 . 50 18 15 21 . 24 76 67 46 82 129 126 27 18 . . 27 212 51 50 41 . 320 . Cannon 1215 | . . . . . . 5 1 . . . . 2 35 5 . . 23 . . . 15 14 7 2 8 3 11 40 33 54 91 135 663 68 Launcher 300 | . . . . 8 15 . 1 1 . . 4 . 3 10 . 3 2 . . . 4 . . . . 2 . . . . . 13 234 . Special 19 | . 2 . . 1 . 16 . . . . . . . . . . . . . . . . . . . . . . . . . . . . Kinetic 1901 | 30 102 . . . 68 199 86 41 28 . 50 18 15 21 . 24 76 67 45 82 129 126 27 18 . . 27 210 51 50 41 . 270 . Thermal 944 | . 2 . . 1 16 73 . . . . . 2 5 5 . . 9 . 1 . 15 14 7 2 8 3 11 42 20 34 75 95 440 64 Explosive 201 | . . . . 8 15 . 1 1 . . 4 . 3 10 . 3 2 . . . 4 . . . . 2 . . . . . 9 139 . Electromagnetic 515 | . . . . . . 5 1 . . . . . 30 . . . 14 . . . . . . . . . . . 13 20 16 44 368 4 Robot Hit Streak 60 | 5 13 . . 4 13 15 26 10 9 . 8 7 12 5 . 10 15 11 12 24 19 27 23 21 29 30 34 22 24 60 44 21 51 7 Robot Miss Streak 7 | 2 4 . . 1 3 3 4 2 3 . 2 1 3 2 . 3 3 4 4 2 4 3 1 . . . 1 3 1 2 2 3 7 5 Penetration Max 2 | . . . . . . . . . . . . . . . . . 2 1 . 1 1 1 . . . . . 1 1 . 1 . 1 . Secondary Targets 23 | . . . . . . 2 1 4 . . . . . . . . 1 1 2 . . 2 2 . . . . 5 . 1 2 . . . Max Gunslinging Chain 1 | . . . . . . 1 1 1 . . . . . . . . 1 1 1 . . 1 1 . . . . 1 . 1 1 . . . Capacitor 876 | . . . . . . . . . . . . . . . . . . . . . . . . . . . . . . . 82 135 659 . Shots Hit Robots 2346 | 16 66 . . 4 57 190 59 27 15 . 34 12 38 18 . 21 68 43 31 60 96 92 27 11 8 1 19 164 55 56 98 91 830 39 Core Hits 2545 | 7 29 . . 7 36 76 23 16 6 . 26 2 21 21 . 20 39 24 14 29 52 54 11 5 3 6 8 63 21 18 30 71 1770 37 Critical Kills 73 | 1 . . . . . 1 . 1 . . . . . . . 1 4 1 6 7 7 6 3 2 . . . 19 3 1 1 1 7 1 Critical Parts Destroyed 89 | 1 . . . . 1 1 . . . . . . . 1 . . 3 3 1 4 14 13 3 2 . . 1 16 8 4 5 . 8 . Critical Strikes 184 | 2 . . . . 3 9 . 1 . . . . . 1 . 2 7 4 7 13 21 19 6 4 . . 2 36 11 6 6 2 21 1 Burn 9 | . . . . . 2 7 . . . . . . . . . . . . . . . . . . . . . . . . . . . . Meltdown 8 | . . . . . . . . . . . . . . . . . . . . . . . . . . . . . . . . 1 6 1 Destroy 157 | 2 . . . . . 2 . 1 . . . . . 1 . 1 7 4 7 13 21 19 6 4 . . 2 36 11 5 6 . 9 . Corrupt 8 | . . . . . . . . . . . . . . . . . . . . . . . . . . . . . . 1 . 1 6 . Smash 1 | . . . . . 1 . . . . . . . . . . . . . . . . . . . . . . . . . . . . . Impale 1 | . . . . . . . . . . . . . . . . 1 . . . . . . . . . . . . . . . . . . Melee Attacks 30 | . . . . . 2 3 1 6 . . . . . . 1 6 . . . . . . 4 . . . . . . . 1 . 6 . Impact 13 | . . . . . 2 3 1 6 . . . . . . 1 . . . . . . . . . . . . . . . . . . . Slashing 7 | . . . . . . . . . . . . . . . . . . . . . . . . . . . . . . . 1 . 6 . Piercing 10 | . . . . . . . . . . . . . . . . 6 . . . . . . 4 . . . . . . . . . . . Sneak Attacks 9 | . . . . . 1 . . . . . . . . . . 3 . . . . . . . . . . . . . . . . 5 . Combat Hostiles 2 | . . . . . . . . . . . . . . . . 2 . . . . . . . . . . . . . . . . . . Follow-up Attacks . | . . . . . . . . . . . . . . . . . . . . . . . . . . . . . . . . . . . Damage Inflicted 183639 | 154 710 12 . 256 1266 3445 1319 658 315 . 1072 269 1251 1323 . 1241 1804 1354 600 1309 2916 3341 565 284 220 320 520 5439 1903 1842 4036 7148 126077 10670 Guns 35320 | 154 677 . . . 633 3200 1047 482 315 . 566 242 171 205 . 309 1028 1340 600 1281 1745 3284 565 284 . . 496 4854 1445 1322 971 . 8104 . Cannons 33570 | . . . . . . 106 . . . . . . 476 . . . 238 . . . . 36 . . 220 . . 334 402 444 3007 3675 18976 5656 Explosions 113147 | . . . . 256 518 . 241 176 . . 506 . 604 1118 . 743 528 . . . 1159 . . . . 320 . 213 . . . 3473 98278 5014 Melee 1053 | . . . . . 87 . . . . . . . . . . 189 . . . . . . . . . . . . . . 58 . 719 . Ramming 525 | . 9 12 . . 28 139 31 . . . . 27 . . . . 10 14 . 28 12 21 . . . . 24 38 56 76 . . . . Kinetic 33454 | 154 677 . . . 438 2434 1047 482 315 . 566 242 171 205 . 309 1028 1340 600 1281 1745 3284 565 284 . . 496 4854 1445 1322 971 . 7199 . Thermal 40416 | . 24 . . . 195 766 . . . . . . . . . . 134 . . . . 36 . . 220 . . 334 . . 2568 2354 23218 10567 Explosive 82740 | . . . . 256 518 . 241 176 . . 506 . 604 1118 . 743 394 . . . 912 . . . . 320 . . . . . 2814 74138 . Electromagnetic 25451 | . . . . . . 106 . . . . . . 476 . . . 238 . . . 247 . . . . . . 213 402 444 439 1980 20803 103 Impact 87 | . . . . . 87 . . . . . . . . . . . . . . . . . . . . . . . . . . . . . Slashing 777 | . . . . . . . . . . . . . . . . . . . . . . . . . . . . . . . 58 . 719 . Piercing 189 | . . . . . . . . . . . . . . . . 189 . . . . . . . . . . . . . . . . . . Highest Corruption 20 | . . . . . . . 2 2 2 2 2 . . . . 18 2 2 2 13 20 . . . . . . 4 . 5 5 . . . Average Corruption 3 | . . . . . . . 1 2 2 2 2 . . . . 12 2 2 2 7 12 . . . . . . 2 . 4 5 . . . Corruption Purged 16 | . . . . . . . . . . . . . . . . . . . . 16 . . . . . . . . . . . . . . Corruption Blocked 35 | . . . . . . . . . . . . . . . . . . . . . . . . . . . . 15 . . 20 . . . Effects 287 | . . . . . . . 9 32 31 1 27 . . . . 1 1 23 6 12 16 . . . . . . 20 . 69 39 . . . Message Errors 72 | . . . . . . . 2 7 8 . 7 . . . . . . 7 2 5 3 . . . . . . 6 . 12 13 . . . Matter Fused 65 | . . . . . . . . 5 7 1 6 . . . . 1 . 8 2 . 3 . . . . . . 3 . 23 6 . . . Heat Flow Errors 41 | . . . . . . . 4 8 7 . 3 . . . . . 1 1 . 1 1 . . . . . . 2 . 8 5 . . . Energy Discharges 30 | . . . . . . . 1 3 2 . 2 . . . . . . 2 1 2 2 . . . . . . 4 . 10 1 . . . Parts Rejected 1 | . . . . . . . . . . . . . . . . . . . . . . . . . . . . . . 1 . . . . Data Loss (minor) 26 | . . . . . . . 1 4 1 . 6 . . . . . . 2 . 1 2 . . . . . . . . 4 5 . . . Data Loss (major) 21 | . . . . . . . . 3 1 . 2 . . . . . . 1 1 . 2 . . . . . . 2 . 5 4 . . . Misfires 17 | . . . . . . . . 2 4 . . . . . . . . 1 . 1 . . . . . . . 1 . 5 3 . . . Alerts 7 | . . . . . . . 1 . 1 . . . . . . . . 1 . . 1 . . . . . . 2 . 1 . . . . Weapon Failures 7 | . . . . . . . . . . . 1 . . . . . . . . 2 2 . . . . . . . . . 2 . . . Overload Shots 22 | . . . . . . . . . . . . . . . . . . . 1 . . . . . . . . 2 . . . . 19 . Effects 3 | . . . . . . . . . . . . . . . . . . . . . . . . . . . . 1 . . . . 2 . Energy Bleed 1 | . . . . . . . . . . . . . . . . . . . . . . . . . . . . . . . . . 1 . Heat Surge 1 | . . . . . . . . . . . . . . . . . . . . . . . . . . . . 1 . . . . . . Short Circuit 1 | . . . . . . . . . . . . . . . . . . . . . . . . . . . . . . . . . 1 . Overflow Damage 4741 | . . . . 5 123 10 . . . . 43 5 . 47 . 18 50 . . . 71 6 . . 37 . . 48 . 43 264 327 3118 526 Projectiles 1156 | . . . . . . . . . . . . . . . . . . . . . . 6 . . 37 . . 25 . . 214 237 297 340 Explosions 3088 | . . . . 5 36 . . . . . 43 . . 47 . 18 50 . . . 71 . . . . . . 23 . . . 90 2519 186 Melee 497 | . . . . . 87 10 . . . . . 5 . . . . . . . . . . . . . . . . . 43 50 . 302 . Knockbacks 3 | . . . . . . . . . . . . 1 . . . . . . . . . . . . . . . . 2 . . . . . Impact 3 | . . . . . . . . . . . . 1 . . . . . . . . . . . . . . . . 2 . . . . . Kinetic . | . . . . . . . . . . . . . . . . . . . . . . . . . . . . . . . . . . . Secondary . | . . . . . . . . . . . . . . . . . . . . . . . . . . . . . . . . . . . Self-Inflicted Damage 1816 | . . . . 68 52 . . . . . . . . 64 . . 67 . . . 219 . . . . . . 96 . 98 . 41 934 177 Shots 31 | . . . . 3 2 . . . . . . . . 2 . . 2 . . . 3 . . . . . . 1 . 2 . 2 11 3 Rammed 44 | . 5 1 . 1 4 12 . . . . . 1 . . . . 3 . . 1 . 3 . . . . 3 3 4 3 . . . . Targets Rammed 53 | . 6 1 . 1 5 14 2 . . . . 1 . . . . 3 1 . 1 1 3 . . . . 3 3 5 3 . . . . Kicked . | . . . . . . . . . . . . . . . . . . . . . . . . . . . . . . . . . . . Crushed 9 | . 1 . . . 1 2 2 . . . . . . . . . . 1 . . 1 . . . . . . . 1 . . . . . Highest Temperature 339 | . 25 . . 20 57 339 189 280 256 . 203 54 312 216 . 156 239 213 148 237 241 10 . 10 48 48 14 309 220 336 255 198 198 140 Average Temperature 95 | . 9 . . 10 21 76 114 111 101 . 75 27 90 53 . 54 55 85 82 91 114 5 . 5 23 27 7 38 41 64 97 93 119 68 Received Heat Transfer 2986 | . 396 . . 20 162 531 90 108 57 . 24 . 79 78 . 14 179 61 . 20 32 150 35 23 . . 32 274 24 24 64 80 429 . Effects 4 | . . . . . . . . . . . 1 . 1 . . . . . . . . . . . . . . . . 2 . . . . Energy Bleed 3 | . . . . . . . . . . . 1 . . . . . . . . . . . . . . . . . . 2 . . . . Interference 1 | . . . . . . . . . . . . . 1 . . . . . . . . . . . . . . . . . . . . . Siege Activations 125 | . . . . . . . . . . . . . . . . . . . 1 2 5 8 3 3 . . 2 11 5 8 8 9 56 4 Total Turns 6057 | . . . . . . . . . . . . . . . . . . . 17 61 144 119 51 98 . . 31 241 52 91 107 120 4905 20 Longest Duration 1526 | . . . . . . . . . . . . . . . . . . . 17 32 89 38 24 61 . . 17 64 13 17 38 41 1526 10 Robots Corrupted 97 | . . . . . . 1 . . . . . . 2 . . . 1 . . . . . . . . . . . 2 4 3 12 71 1 Combat Hostiles 96 | . . . . . . 1 . . . . . . 2 . . . 1 . . . . . . . . . . . 2 4 3 12 70 1 Parts Fried 266 | . . . . . 1 2 . . . . . . 7 . . . 2 . 1 . . . . . . . . 5 4 10 3 17 210 4 Impact Corruptions 6 | . . . . . 2 1 . . . . . 1 . . . . . . . . . . . . . . . . . 2 . . . . Robots Melted 9 | . . . . . . . . . . . . . . . . . . . . . . . . . . . . . . . . 1 7 1 Combat Hostiles 6 | . . . . . . . . . . . . . . . . . . . . . . . . . . . . . . . . 1 4 1 Parts Melted 77 | . . . . . 2 6 . . . . . . . . . . . . . . . . . . . . . . . . 9 10 50 . Heat Transferred 25481 | . 50 . . . 666 2183 . . . . . . . . . . 100 . . . . . . . . . . 37 . . 1887 1715 15456 3387 Parts Sabotaged 2 | . . . . . . . . . . . . . . . . . . . . . . . . . . . . . . . . . 2 . Parts Stolen . | . . . . . . . . . . . . . . . . . . . . . . . . . . . . . . . . . . . Parts Stripped . | . . . . . . . . . . . . . . . . . . . . . . . . . . . . . . . . . . . Power Chain Reactions 52 | . . . . . . . . . . . . . . . . . . . . . . . . . . . . . . . . 1 51 . Missiles Intercepted 37 | . . . . . . . . . . . . . . . . . . . . . . . . . . . . . . . . . 37 . Alert | -11 -10 -10 -10 -9 -8 -8 -7 -7 -7 -7 -6 -6 -6 -6 -6 -5 -5 -5 -5 -5 -5 -4 -4 -4 -4 -3 -3 -3 -2 -2 -2 -1 -1 -1 ------- Run | Scr Mat Min Exi Min Mat Sto Fac Low Low Dat Pro Fac Low Low Zio Pro Fac Ext Cet Arc Hub Fac Upp Upp Zhi Pro Res Tes Res Qua Sec Acc Com Ac0 Peak Influence 13976 | 30 183 13 . 163 295 445 225 . . . . 31 . . . . 396 345 393 279 779 936 . . . . 183 388 232 209 211 1100 13976 . Initial 521 | . 19 13 . . 18 27 180 . . . . 25 . . . . 135 182 21 77 . 381 . . . . . 2 171 84 53 123 521 . Average 3762 | 15 67 7 . 60 128 277 167 . . . . 28 . . . . 241 94 179 46 369 661 . . . . 64 165 138 56 121 602 7284 . Maximum Alert Level 5 | . 1 . . . 1 2 1 . . . . . . . . . 1 1 1 1 3 3 . . . . . 1 1 1 1 4 5 . Low Security (%) 27 | 100 99 100 . 100 72 16 39 . . . . 100 . . . . 29 72 72 88 26 . . . . . 100 63 69 99 91 12 . . Level 1 10 | . . . . . 27 80 60 . . . . . . . . . 70 27 27 11 24 15 . . . . . 36 30 . 8 3 . . Level 2 3 | . . . . . . 3 . . . . . . . . . . . . . . 45 50 . . . . . . . . . 61 . . Level 3 2 | . . . . . . . . . . . . . . . . . . . . . 4 34 . . . . . . . . . 22 2 . Level 4 1 | . . . . . . . . . . . . . . . . . . . . . . . . . . . . . . . . . 2 . Level 5 16 | . . . . . . . . . . . . . . . . . . . . . . . . . . . . . . . . . 28 . High Security 38 | . . . . . . . . . . . . . . . . . . . . . . . . . . . . . . . . . 66 . Max Security . | . . . . . . . . . . . . . . . . . . . . . . . . . . . . . . . . . . . Squads Dispatched 109 | . 4 . . . 1 7 4 . . . . 2 . . . . 5 1 . . . 6 . . . . 1 7 4 2 3 11 51 . Investigation 6 | . 1 . . . 1 1 1 . . . . . . . . . 1 . . . . . . . . . . . . 1 . . . . Extermination 33 | . . . . . . . 3 . . . . 2 . . . . 2 . . . . 1 . . . . 1 3 2 1 3 6 9 . Reinforcement 23 | . 3 . . . . 1 . . . . . . . . . . 2 1 . . . 2 . . . . . 4 2 . . 2 6 . Assault 44 | . . . . . . 2 . . . . . . . . . . . . . . . 3 . . . . . . . . . 3 36 . Garrison 3 | . . . . . . 3 . . . . . . . . . . . . . . . . . . . . . . . . . . . . Intercept . | . . . . . . . . . . . . . . . . . . . . . . . . . . . . . . . . . . . Searches Triggered . | . . . . . . . . . . . . . . . . . . . . . . . . . . . . . . . . . . . Data Miner Redirects 8 | . . . . . . . . . . . . . . . . . . . . . . 1 . . . . . . . . . 3 4 . Construction Impeded 5 | . . . . . . . . . . . . . . . . . 2 . . . . . . . . . . . 1 . . 2 . . Haulers Reinforced 2 | . . . . . . . . . . . . . . . . . . . . . . 1 . . . . . 1 . . . . . . Active Scanning Responses . | . . . . . . . . . . . . . . . . . . . . . . . . . . . . . . . . . . . Cargo Convoy Interrupts . | . . . . . . . . . . . . . . . . . . . . . . . . . . . . . . . . . . . Stealth | -11 -10 -10 -10 -9 -8 -8 -7 -7 -7 -7 -6 -6 -6 -6 -6 -5 -5 -5 -5 -5 -5 -4 -4 -4 -4 -3 -3 -3 -2 -2 -2 -1 -1 -1 --------- Run | Scr Mat Min Exi Min Mat Sto Fac Low Low Dat Pro Fac Low Low Zio Pro Fac Ext Cet Arc Hub Fac Upp Upp Zhi Pro Res Tes Res Qua Sec Acc Com Ac0 Distress Signals 22 | . 1 . . . 1 2 . . . . . . . . . . . 2 2 . . . . . . . . 2 4 . . 2 6 . Communications Jammed 84 | . . . . . . . . . . . . . . . . . . . . 1 59 2 . . . . . 22 . . . . . . Distress Signals 82 | . . . . . . . . . . . . . . . . . . . . 1 57 2 . . . . . 22 . . . . . . Times Spotted 923 | . 25 . . 4 15 43 17 8 3 . 9 4 10 11 1 16 15 19 11 9 20 22 6 3 . 2 4 39 15 14 24 47 483 24 Peak Tracking Total 42 | . 7 . . 3 5 8 5 7 1 . 3 2 4 4 1 6 4 4 5 1 7 4 2 1 . 5 1 4 3 2 4 9 42 4 Tactical Retreats 25 | . . . . . 1 1 2 . . . . . . . . 1 . 1 . . . . . 1 . . . . 1 1 . 2 13 1 Traps | -11 -10 -10 -10 -9 -8 -8 -7 -7 -7 -7 -6 -6 -6 -6 -6 -5 -5 -5 -5 -5 -5 -4 -4 -4 -4 -3 -3 -3 -2 -2 -2 -1 -1 -1 ------- Run | Scr Mat Min Exi Min Mat Sto Fac Low Low Dat Pro Fac Low Low Zio Pro Fac Ext Cet Arc Hub Fac Upp Upp Zhi Pro Res Tes Res Qua Sec Acc Com Ac0 Traps Triggered 39 | . 2 . . . . . 2 . . . . . . . . . . 2 . . 1 1 . . . . . . . 1 . . 30 . Indirectly . | . . . . . . . . . . . . . . . . . . . . . . . . . . . . . . . . . . . Trap Hack Attempts . | . . . . . . . . . . . . . . . . . . . . . . . . . . . . . . . . . . . Triggered . | . . . . . . . . . . . . . . . . . . . . . . . . . . . . . . . . . . . Disarmed . | . . . . . . . . . . . . . . . . . . . . . . . . . . . . . . . . . . . Reprogrammed . | . . . . . . . . . . . . . . . . . . . . . . . . . . . . . . . . . . . Reused . | . . . . . . . . . . . . . . . . . . . . . . . . . . . . . . . . . . . Traps Extracted . | . . . . . . . . . . . . . . . . . . . . . . . . . . . . . . . . . . . Installed . | . . . . . . . . . . . . . . . . . . . . . . . . . . . . . . . . . . . Triggered 2 | . . . . . . . . . . . . . . . . . . . . . . . . . . 2 . . . . . . . . Machines | -11 -10 -10 -10 -9 -8 -8 -7 -7 -7 -7 -6 -6 -6 -6 -6 -5 -5 -5 -5 -5 -5 -4 -4 -4 -4 -3 -3 -3 -2 -2 -2 -1 -1 -1 ---------- Run | Scr Mat Min Exi Min Mat Sto Fac Low Low Dat Pro Fac Low Low Zio Pro Fac Ext Cet Arc Hub Fac Upp Upp Zhi Pro Res Tes Res Qua Sec Acc Com Ac0 Machines Disabled 89 | . . . . 1 4 4 2 . . . . . . . . . 3 2 3 3 13 4 . . . . . 10 3 11 6 3 13 4 Max in Single Turn 5 | . . . . 1 1 1 1 . . . . . . . . . 1 . 1 2 5 4 . . . . . 2 2 2 1 1 2 1 Garrison Access 9 | . . . . . . 1 . . . . . 1 . . . . . . . . 1 2 . . . . . . 2 1 . 1 . . Phase Generator 1 | . . . . . . . . . . . . . . . . . . . . . . . . . . . . . . . . . 1 . Network Hub 2 | . . . . . . . . . . . . . . . . . . . . . 2 . . . . . . . . . . . . . Machines Sabotaged . | . . . . . . . . . . . . . . . . . . . . . . . . . . . . . . . . . . . Garrisons Compromised 1 | . . . . . . . . . . . . . . . . . . . . . . 1 . . . . . . . . . . . . Overloaded Fab Kills . | . . . . . . . . . . . . . . . . . . . . . . . . . . . . . . . . . . . Hacking | -11 -10 -10 -10 -9 -8 -8 -7 -7 -7 -7 -6 -6 -6 -6 -6 -5 -5 -5 -5 -5 -5 -4 -4 -4 -4 -3 -3 -3 -2 -2 -2 -1 -1 -1 --------- Run | Scr Mat Min Exi Min Mat Sto Fac Low Low Dat Pro Fac Low Low Zio Pro Fac Ext Cet Arc Hub Fac Upp Upp Zhi Pro Res Tes Res Qua Sec Acc Com Ac0 Machines Accessed 94 | . 3 1 1 . 2 12 3 3 . 4 . 2 . 1 . . 5 5 1 . 8 4 . 2 4 . 3 7 6 4 7 5 1 . Terminals 57 | . 3 . . . 1 8 . 1 . . . 1 . . . . 4 5 1 . 7 1 . . . . 3 4 4 3 7 3 1 . Fabricators 4 | . . . . . . . . . . . . . . . . . 1 . . . . . . . . . . 2 . . . 1 . . Repair Stations 6 | . . . . . . 2 3 . . . . . . . . . . . . . . 1 . . . . . . . . . . . . Recycling Units 4 | . . . . . 1 1 . . . . . . . . . . . . . . . 1 . . . . . . . . . 1 . . Scanalyzers 1 | . . . . . . . . . . . . . . . . . . . . . . . . . . . . 1 . . . . . . Garrison Access 7 | . . . . . . 1 . . . . . 1 . . . . . . . . 1 1 . . . . . . 2 1 . . . . Total Hacks 296 | . 6 1 1 . 5 37 12 10 . 30 . 3 . 1 . . 18 16 2 . 15 12 . 2 17 . 18 22 20 18 16 13 1 . Successful 182 | . 4 1 1 . 3 23 9 10 . 30 . 2 . 1 . . 9 7 . . 4 7 . 2 17 . 8 8 15 9 6 5 1 . Failed 114 | . 2 . . . 2 14 3 . . . . 1 . . . . 9 9 2 . 11 5 . . . . 10 14 5 9 10 8 . . Catastrophic 24 | . . . . . . 2 . . . . . 1 . . . . 2 3 1 . 3 1 . . . . 2 3 . 1 2 3 . . Database Lockouts . | . . . . . . . . . . . . . . . . . . . . . . . . . . . . . . . . . . . Manual 117 | . 3 . . . 5 15 . . . . . 1 . . . . 13 8 1 . 13 1 . . . . 17 2 9 9 9 11 . . Terminals 188 | . 6 . . . 4 24 . 6 . . . 2 . . . . 15 16 2 . 14 5 . . . . 18 16 18 16 16 9 1 . Fabricators 10 | . . . . . . . . . . . . . . . . . 3 . . . . . . . . . . 4 . . . 3 . . Repair Stations 26 | . . . . . . 10 12 . . . . . . . . . . . . . . 4 . . . . . . . . . . . . Recycling Units 6 | . . . . . 1 2 . . . . . . . . . . . . . . . 2 . . . . . . . . . 1 . . Scanalyzers 2 | . . . . . . . . . . . . . . . . . . . . . . . . . . . . 2 . . . . . . Garrison Access 8 | . . . . . . 1 . . . . . 1 . . . . . . . . 1 1 . . . . . . 2 2 . . . . Terminal Hacks 120 | . 3 1 1 . 1 11 . 10 . 30 . 1 . 1 . . 4 5 . . 1 2 . 2 17 . 4 5 9 5 4 2 1 . Record 26 | . . . 1 . . . . 9 . 11 . . . . . . . . . . . . . . 5 . . . . . . . . . Part Schematic 17 | . 1 . . . . 1 . . . 11 . . . . . . . . . . . . . . 4 . . . . . . . . . Robot Schematic 5 | . . . . . . . . . . 5 . . . . . . . . . . . . . . . . . . . . . . . . Robot Analysis 5 | . . . . . . . . . . . . . . . . . . . . . . . . . 4 . . . . 1 . . . . Prototype ID Bank 7 | . . . . . . . . . . 3 . . . . . . . . . . . . . . 4 . . . . . . . . . Open Door 10 | . . 1 . . . 1 . 1 . . . . . 1 . . . . . . . . . 2 . . . . . . 3 . 1 . Branch Access Points 4 | . . . . . . . . . . . . . . . . . 1 . . . . 1 . . . . 1 . 1 . . . . . Terminal Index 5 | . . . . . . 1 . . . . . . . . . . 1 . . . . . . . . . 1 . 1 1 . . . . Repair Station Index 2 | . . . . . . . . . . . . . . . . . . . . . . . . . . . 1 . 1 . . . . . Alert Level 9 | . . . . . . 1 . . . . . . . . . . . 1 . . . 1 . . . . . 1 2 2 1 . . . Unreport Threat 11 | . . . . . 1 1 . . . . . . . . . . . 2 . . . . . . . . . 3 2 . . 2 . . Locate Traps 9 | . 1 . . . . 3 . . . . . . . . . . 1 1 . . 1 . . . . . . . 2 . . . . . Recall Reinforcements 1 | . 1 . . . . . . . . . . . . . . . . . . . . . . . . . . . . . . . . . Hauler Manifests 7 | . . . . . . 1 . . . . . 1 . . . . 1 1 . . . . . . . . 1 1 . 1 . . . . Zone Layout 2 | . . . . . . 2 . . . . . . . . . . . . . . . . . . . . . . . . . . . . Fabricator Hacks 3 | . . . . . . . . . . . . . . . . . 1 . . . . . . . . . . 1 . . . 1 . . Network Status 3 | . . . . . . . . . . . . . . . . . 1 . . . . . . . . . . 1 . . . 1 . . Repair Station Hacks 18 | . . . . . . 7 9 . . . . . . . . . . . . . . 2 . . . . . . . . . . . . Scan Component 11 | . . . . . . 4 5 . . . . . . . . . . . . . . 2 . . . . . . . . . . . . Repair 7 | . . . . . . 3 4 . . . . . . . . . . . . . . . . . . . . . . . . . . . Recycling Unit Hacks 2 | . . . . . . . . . . . . . . . . . . . . . . 2 . . . . . . . . . . . . Process 1 | . . . . . . . . . . . . . . . . . . . . . . 1 . . . . . . . . . . . . Retrieve Matter 1 | . . . . . . . . . . . . . . . . . . . . . . 1 . . . . . . . . . . . . Scanalyzer 1 | . . . . . . . . . . . . . . . . . . . . . . . . . . . . 1 . . . . . . Insert Component 1 | . . . . . . . . . . . . . . . . . . . . . . . . . . . . 1 . . . . . . Garrison Access Hacks 7 | . . . . . . 1 . . . . . 1 . . . . . . . . 1 1 . . . . . . 2 1 . . . . Seal Access 7 | . . . . . . 1 . . . . . 1 . . . . . . . . 1 1 . . . . . . 2 1 . . . . Unauthorized Hacks 31 | . 1 . . . 2 4 . . . . . . . . . . 4 2 . . 2 . . . . . 4 1 4 3 2 2 . . Terminals 27 | . 1 . . . 1 3 . . . . . . . . . . 3 2 . . 2 . . . . . 4 1 4 3 2 1 . . Track 1 | . . . . . . . . . . . . . . . . . . . . . . . . . . . . . 1 . . . . . Assimilate 8 | . . . . . 1 1 . . . . . . . . . . 1 . . . 1 . . . . . 2 . . 1 1 . . . Botnet 9 | . . . . . . 1 . . . . . . . . . . 1 1 . . . . . . . . 1 1 2 1 . 1 . . Operators 9 | . 1 . . . . 1 . . . . . . . . . . 1 1 . . 1 . . . . . 1 . 1 1 1 . . . Fabricators 2 | . . . . . . . . . . . . . . . . . 1 . . . . . . . . . . . . . . 1 . . Haulers 2 | . . . . . . . . . . . . . . . . . 1 . . . . . . . . . . . . . . 1 . . Repair Stations . | . . . . . . . . . . . . . . . . . . . . . . . . . . . . . . . . . . . Recycling Units 2 | . . . . . 1 1 . . . . . . . . . . . . . . . . . . . . . . . . . . . . Tunnel 2 | . . . . . 1 1 . . . . . . . . . . . . . . . . . . . . . . . . . . . . Scanalyzers . | . . . . . . . . . . . . . . . . . . . . . . . . . . . . . . . . . . . Garrison Access . | . . . . . . . . . . . . . . . . . . . . . . . . . . . . . . . . . . . Data Cores Recovered . | . . . . . . . . . . . . . . . . . . . . . . . . . . . . . . . . . . . Used . | . . . . . . . . . . . . . . . . . . . . . . . . . . . . . . . . . . . Hacking Detections 62 | . 3 . . . 1 10 3 . . . . 1 . . . . 4 5 1 . 7 2 . . . . 3 7 4 3 4 4 . . Full Trace Events 2 | . . . . . . . 1 . . . . . . . . . 1 . . . . . . . . . . . . . . . . . Feedback Events . | . . . . . . . . . . . . . . . . . . . . . . . . . . . . . . . . . . . Feedback Blocked . | . . . . . . . . . . . . . . . . . . . . . . . . . . . . . . . . . . . Robot Schematics Acquired 9 | . . . . . . . . . . 5 . . . . 4 . . . . . . . . . . . . . . . . . . . Robots Built . | . . . . . . . . . . . . . . . . . . . . . . . . . . . . . . . . . . . Authchips . | . . . . . . . . . . . . . . . . . . . . . . . . . . . . . . . . . . . Time . | . . . . . . . . . . . . . . . . . . . . . . . . . . . . . . . . . . . Total Robot Build Rating . | . . . . . . . . . . . . . . . . . . . . . . . . . . . . . . . . . . . Part Schematics Acquired 34 | . 1 . . . . 1 . . . 11 . . . . 15 . . . . . . . . . 4 . . 2 . . . . . . Parts Built . | . . . . . . . . . . . . . . . . . . . . . . . . . . . . . . . . . . . Authchips . | . . . . . . . . . . . . . . . . . . . . . . . . . . . . . . . . . . . Time . | . . . . . . . . . . . . . . . . . . . . . . . . . . . . . . . . . . . Total Part Build Rating . | . . . . . . . . . . . . . . . . . . . . . . . . . . . . . . . . . . . Parts Repaired 7 | . . . . . . 3 4 . . . . . . . . . . . . . . . . . . . . . . . . . . . Time 320 | . . . . . . 158 162 . . . . . . . . . . . . . . . . . . . . . . . . . . . Parts Recycled . | . . . . . . . . . . . . . . . . . . . . . . . . . . . . . . . . . . . Recycled Matter 1 | . . . . . . . . . . . . . . . . . . . . . . 1 . . . . . . . . . . . . Retrieved Matter 1 | . . . . . . . . . . . . . . . . . . . . . . 1 . . . . . . . . . . . . Retrieved Components . | . . . . . . . . . . . . . . . . . . . . . . . . . . . . . . . . . . . Parts Scanalyzed . | . . . . . . . . . . . . . . . . . . . . . . . . . . . . . . . . . . . Part Schematics Acquired . | . . . . . . . . . . . . . . . . . . . . . . . . . . . . . . . . . . . Parts Damaged . | . . . . . . . . . . . . . . . . . . . . . . . . . . . . . . . . . . . Bothacking | -11 -10 -10 -10 -9 -8 -8 -7 -7 -7 -7 -6 -6 -6 -6 -6 -5 -5 -5 -5 -5 -5 -4 -4 -4 -4 -3 -3 -3 -2 -2 -2 -1 -1 -1 ------------ Run | Scr Mat Min Exi Min Mat Sto Fac Low Low Dat Pro Fac Low Low Zio Pro Fac Ext Cet Arc Hub Fac Upp Upp Zhi Pro Res Tes Res Qua Sec Acc Com Ac0 Used RIF Installer . | . . . . . . . . . . . . . . . . . . . . . . . . . . . . . . . . . . . Robots Hacked . | . . . . . . . . . . . . . . . . . . . . . . . . . . . . . . . . . . . Non-combat . | . . . . . . . . . . . . . . . . . . . . . . . . . . . . . . . . . . . Combat . | . . . . . . . . . . . . . . . . . . . . . . . . . . . . . . . . . . . Robot Hacks Applied . | . . . . . . . . . . . . . . . . . . . . . . . . . . . . . . . . . . . Relay Couplers Released 3 | . . . . . . . . . . . . . . . . . . . . . . 3 . . . . . . . . . . . . Machine Destruction 3 | . . . . . . . . . . . . . . . . . . . . . . 3 . . . . . . . . . . . . Fabnet Peak Effective % . | . . . . . . . . . . . . . . . . . . . . . . . . . . . . . . . . . . . Robots Rewired 12 | . . . . . . . . . . . . . . . . . . 12 . . . . . . . . . . . . . . . . Allies Hacked . | . . . . . . . . . . . . . . . . . . . . . . . . . . . . . . . . . . . Hacks Repelled . | . . . . . . . . . . . . . . . . . . . . . . . . . . . . . . . . . . . Allies | -11 -10 -10 -10 -9 -8 -8 -7 -7 -7 -7 -6 -6 -6 -6 -6 -5 -5 -5 -5 -5 -5 -4 -4 -4 -4 -3 -3 -3 -2 -2 -2 -1 -1 -1 -------- Run | Scr Mat Min Exi Min Mat Sto Fac Low Low Dat Pro Fac Low Low Zio Pro Fac Ext Cet Arc Hub Fac Upp Upp Zhi Pro Res Tes Res Qua Sec Acc Com Ac0 Total Allies 39 | . . . . . . 13 . . . . 1 . 1 . . 1 1 17 3 . . . . . . . 1 . . 1 . . . . Largest Group 11 | . . . . . . 10 . . . . 1 . 1 . . 1 1 11 3 3 . . . . . . 1 1 . 1 . . . . Highest-Rated Group 351 | . . . . . . 173 . . . . 96 . 81 . . 85 26 315 351 351 . . . . . . 10 10 . 10 . . . . Highest-Rated Ally 159 | . . . . . . 31 . . . . 96 . 81 . . 85 26 159 159 159 . . . . . . 10 10 . 10 . . . . Total Orders 10 | . . . . . . 1 . . 1 . . . 1 . . 1 2 . 3 1 . . . . . . . . . . . . . . STAY 4 | . . . . . . 1 . . . . . . . . . . 1 . 2 . . . . . . . . . . . . . . . ROAM 1 | . . . . . . . . . . . . . . . . . . . . 1 . . . . . . . . . . . . . . FOLLOW 2 | . . . . . . . . . . . . . . . . . 1 . 1 . . . . . . . . . . . . . . . RETURN 3 | . . . . . . . . . 1 . . . 1 . . 1 . . . . . . . . . . . . . . . . . . Ally Attacks 190 | . . . . . . 10 . . 4 . 17 . 5 . . 2 . 94 37 17 . . 4 . . . . . . . . . . . Total Damage 5051 | . . . . . . 209 . . 26 . 687 . 36 . . 16 . 2073 1345 638 . . 21 . . . . . . . . . . . Kills 33 | . . . . . . 1 . . . . 6 . . . . . . 16 9 1 . . . . . . . . . . . . . . Allies Corrupted . | . . . . . . . . . . . . . . . . . . . . . . . . . . . . . . . . . . . Allies Melted 2 | . . . . . . . . . . . . . . . . . . 1 1 . . . . . . . . . . . . . . . Intel | -11 -10 -10 -10 -9 -8 -8 -7 -7 -7 -7 -6 -6 -6 -6 -6 -5 -5 -5 -5 -5 -5 -4 -4 -4 -4 -3 -3 -3 -2 -2 -2 -1 -1 -1 ------- Run | Scr Mat Min Exi Min Mat Sto Fac Low Low Dat Pro Fac Low Low Zio Pro Fac Ext Cet Arc Hub Fac Upp Upp Zhi Pro Res Tes Res Qua Sec Acc Com Ac0 Robot Analysis Total 5 | . . . . . . . . . . . . . . . . . . . . . . . . . 4 . . . . 1 . . . . Derelict Logs Recovered 12 | . . 2 . 1 . . . 1 1 . 1 . . 1 . 1 . . . . . . 3 1 . . . . . . . . . . Drone Launches 18 | . . . . . . . . . 6 . . . 6 . . 2 . . . . . . 4 . . . . . . . . . . . Drone Recoveries 14 | . . . . . . . . . 4 . . . 4 . . 2 . . . . . . 4 . . . . . . . . . . . Exploration | -11 -10 -10 -10 -9 -8 -8 -7 -7 -7 -7 -6 -6 -6 -6 -6 -5 -5 -5 -5 -5 -5 -4 -4 -4 -4 -3 -3 -3 -2 -2 -2 -1 -1 -1 ------------- Run | Scr Mat Min Exi Min Mat Sto Fac Low Low Dat Pro Fac Low Low Zio Pro Fac Ext Cet Arc Hub Fac Upp Upp Zhi Pro Res Tes Res Qua Sec Acc Com Ac0 Turns Passed 75783 | 90 965 690 671 675 965 2694 1313 2322 2100 215 1965 703 796 1192 1261 930 1020 1735 436 2689 874 768 1358 944 293 572 588 1952 1011 3464 1457 1768 34931 376 Spaces Moved 29445 | 37 471 421 304 255 464 869 434 959 835 91 763 278 382 672 782 513 443 644 157 371 332 295 588 469 162 301 301 767 442 1477 702 797 12546 121 Core 89 | . . . . . . . . . . . . . . . . . . . . 79 . . . . . . . . . . . . . 10 Treads 26388 | . 414 421 304 255 464 869 434 959 835 91 763 278 54 . . . . 542 157 292 332 295 588 469 162 301 301 767 442 1477 684 789 12538 111 Legs 28 | 28 . . . . . . . . . . . . . . . . . . . . . . . . . . . . . . . . . . Wheels 2906 | 9 57 . . . . . . . . . . . 328 672 782 513 443 102 . . . . . . . . . . . . . . . . Hover . | . . . . . . . . . . . . . . . . . . . . . . . . . . . . . . . . . . . Flight . | . . . . . . . . . . . . . . . . . . . . . . . . . . . . . . . . . . . Fastest Speed 50 | 100 100 160 160 240 160 160 231 231 231 231 231 231 160 160 160 160 160 175 160 160 160 160 160 160 160 160 160 155 155 158 158 155 141 50 Average Speed 205 | 115 152 160 220 240 160 221 231 231 231 231 231 231 170 164 160 160 174 229 218 679 169 160 160 160 160 160 160 158 180 163 163 177 217 161 Slowest Speed 2600 | 120 160 160 240 240 160 240 231 231 231 231 231 231 231 175 160 175 175 240 240 2600 240 160 160 160 160 160 160 160 246 245 245 243 250 230 Overloaded Moves . | . . . . . . . . . . . . . . . . . . . . . . . . . . . . . . . . . . . Propulsion Burnouts . | . . . . . . . . . . . . . . . . . . . . . . . . . . . . . . . . . . . Robots Hopped . | . . . . . . . . . . . . . . . . . . . . . . . . . . . . . . . . . . . Cave-ins Triggered . | . . . . . . . . . . . . . . . . . . . . . . . . . . . . . . . . . . . Teleports 3 | . . . . . . . . . . . . . . . . . . . . . . . . . . . . . . . . 1 1 1 Spacefolds 9 | . . . . . . . . . . . . . . . . . . . . . . . . . . . . . . . 5 2 2 . Exploration Rate (%) 56 | 2 70 81 59 43 32 96 17 90 92 68 86 8 69 75 84 72 15 77 63 74 38 10 73 67 60 56 8 90 22 93 45 29 95 17 Regions Visited 34 Branch Regions 25 Pre-discovered Areas 13 | . . 1 1 . 1 1 . . 1 1 . . . . 2 1 . . . . . . 1 . 3 . . . . . . . . . Known Exits Taken 14 | . . . . . 1 . 1 1 . . . 1 . . . 1 1 . . . 1 1 . . . 1 1 . 1 1 1 1 . . Unknown Exits Taken 20 | 1 1 1 1 1 . 1 . . 1 1 1 . 1 1 1 . . 1 1 1 . . 1 1 1 . . 1 . . . . 1 . Scrap Searched 30 | . . 2 . . . . . 5 4 . 1 . 3 4 3 3 . . . . . . 2 3 . . . . . . . . . . Spaces Dug 793 | . 1 . . 23 43 13 1 6 . . . 2 5 5 . 3 5 . . . 28 16 9 6 . 26 11 21 36 24 12 49 403 45 Terrain Destroyed 3248 | . 1 . . 62 130 15 10 10 . . 28 2 31 88 . 15 45 3 2 12 392 50 23 9 . 49 11 117 38 26 12 127 1481 459 Melee 17 | . . . . . 1 2 1 6 . . . . . . . 3 . . . . . . 3 . . . . . . . . . 1 . Projectile 459 | . 1 . . 1 . 13 . . . . . 2 5 6 . . 8 3 2 12 25 37 20 9 . 3 11 32 22 26 12 48 140 21 AOE 2756 | . . . . 61 129 . 9 4 . . 28 . 26 82 . 12 37 . . . 364 12 . . . 46 . 85 16 . . 79 1328 438 Terrain Rammed . | . . . . . . . . . . . . . . . . . . . . . . . . . . . . . . . . . . . Walls Destroyed . | . . . . . . . . . . . . . . . . . . . . . . . . . . . . . . . . . . . Machines Disabled . | . . . . . . . . . . . . . . . . . . . . . . . . . . . . . . . . . . . Actions | -11 -10 -10 -10 -9 -8 -8 -7 -7 -7 -7 -6 -6 -6 -6 -6 -5 -5 -5 -5 -5 -5 -4 -4 -4 -4 -3 -3 -3 -2 -2 -2 -1 -1 -1 --------- Run | Scr Mat Min Exi Min Mat Sto Fac Low Low Dat Pro Fac Low Low Zio Pro Fac Ext Cet Arc Hub Fac Upp Upp Zhi Pro Res Tes Res Qua Sec Acc Com Ac0 Total 42603 | 57 618 436 307 306 599 1393 704 1034 999 96 944 334 475 726 789 586 603 852 221 475 509 473 961 644 187 383 369 1286 587 2445 975 1119 19863 248 Wait 8213 | . 49 . . 40 21 230 190 36 143 . 143 17 20 15 . 35 49 20 8 29 59 53 318 159 . 73 18 248 36 743 64 50 5336 11 Move 29385 | 36 470 420 303 254 463 868 433 958 834 90 762 277 381 671 781 512 442 643 156 370 331 294 587 468 161 300 300 766 441 1476 688 790 12539 120 Hop . | . . . . . . . . . . . . . . . . . . . . . . . . . . . . . . . . . . . Pick Up 364 | 1 14 4 2 . 16 24 11 3 3 . 3 6 3 1 2 . 11 4 10 9 5 11 1 1 3 . 3 16 4 9 11 6 152 15 Fast Attach 413 | 1 5 2 . . 3 21 6 . . 2 2 5 1 1 1 2 7 3 6 11 5 7 6 1 6 . 6 35 4 47 22 25 169 1 Attach 144 | 2 4 . . . 7 4 6 1 . . . 2 3 . . . 5 2 3 3 2 4 1 . . . 2 3 5 3 2 3 72 5 Detach 85 | . 2 . . . 1 3 1 . . . . 1 1 . . . 1 1 . . 2 2 . . . . . 3 2 2 5 2 54 2 Swap 739 | . 5 4 1 2 12 34 11 14 7 2 8 5 18 13 2 17 21 17 3 4 31 26 21 6 1 5 9 48 34 42 52 68 187 9 Drop 709 | 2 8 5 1 . 12 43 11 2 4 2 5 12 5 1 2 3 13 8 19 19 9 17 7 1 8 . 8 52 6 54 25 29 299 17 Fire 2262 | 15 55 . . 9 57 149 32 14 8 . 21 8 43 24 . 11 51 22 16 29 64 56 16 8 8 5 20 112 50 66 105 146 974 68 Melee 30 | . . . . . 2 3 1 6 . . . . . . 1 6 . . . . . . 4 . . . . . . . 1 . 6 . Ram 1 | . 1 . . . . . . . . . . . . . . . . . . . . . . . . . . . . . . . . . Kick . | . . . . . . . . . . . . . . . . . . . . . . . . . . . . . . . . . . . Crush 52 | . 5 1 . 1 5 14 2 . . . . 1 . . . . 3 1 . 1 1 3 . . . . 3 3 5 3 . . . . Escape Stasis 74 | . . . . . . . . . . . . . . . . . . 6 . . . . . . . . . . . . . . 68 . Rewire 132 | . . . . . . . . . . . . . . . . . . 125 . . . . . . . . . . . . . . 7 . Trap . | . . . . . . . . . . . . . . . . . . . . . . . . . . . . . . . . . . . Miscellaneous . | . . . . . . . . . . . . . . . . . . . . . . . . . . . . . . . . . . . Route ------- -11/Scrapyard -10/Materials (discovered 3 exits: [*Mat x2] / *Min) -10/Mines (discovered 2 exits: [*Mat] / *Exi) -10/Exiles (discovered 2 exits: [*Min x2]) -9/Mines -8/Materials -8/Storage -7/Factory -7/Lower Caves -7/Lower Caves (discovered 2 exits: *Fac / *Dat) -7/Data Miner -6/Proximity Caves -6/Factory (discovered 3 exits: Fac / *Low x2) -6/Lower Caves -6/Lower Caves (discovered 2 exits: Fac / [*Zio]) -6/Zion (discovered 2 exits: [Dee] / [*Pro]) -5/Proximity Caves -5/Factory (discovered 5 exits: Fac / *Upp x2 / *Ext x2) -5/Extension (discovered 3 exits: *Fac x2 / *Cet) -5/Cetus (discovered 2 exits: *Fac / [*Arc]) -5/Archives (discovered 2 exits: *Fac / *Hub) -5/Hub_04(d) (discovered 2 exits: *Fac x2) -4/Factory (discovered 3 exits: Res / *Upp x2) -4/Upper Caves -4/Upper Caves (discovered 2 exits: Res / *Zhi) -4/Zhirov -3/Proximity Caves -3/Research (discovered 4 exits: *Res / Arm / *Tes x2) -3/Testing -2/Research (discovered 2 exits: *Qua x2) -2/Quarantine (discovered 2 exits: *Acc / *Sec) -2/Section 7 -1/Access -1/Command (discovered 3 exits: [*Sur x2] / [*Ac0]) -1/Access_0 Near Former Tau Ceti IV History --------- Turn | Location | Event 27 | -11/Scrapyard | Discovered new exit (range 3) 91 | -11/Scrapyard | Entered Materials 286 | -10/Materials | Discovered new exit (range 11) 314 | -10/Materials | Build established: Mutant 614 | -10/Materials | Discovered new exit (range 15) 764 | -10/Materials | Core integrity fell below 50% 844 | -10/Materials | Discovered new exit (range 16) 1056 | -10/Materials | Entered Mines 1081 | -10/Mines | Received a Rocket Launcher from a helpful Derelict 1147 | -10/Mines | Met a Derelict bent on vengeance 1343 | -10/Mines | Discovered new exit (range 13) 1390 | -10/Mines | Learned location of Zion (-6) 1411 | -10/Mines | Learned Materials garrison access intel 1415 | -10/Mines | Found the Drone Emporium 1421 | -10/Mines | Found Prototype Device 1421 | -10/Mines | Identified Splice Drone Bay 1494 | -10/Mines | Found a hidden stash of uninstalled traps 1739 | -10/Mines | Deemed a non-threat by the Exiles lab entrance 1739 | -10/Mines | Discovered new exit (range 5) 1746 | -10/Mines | Entered Exiles 1770 | -10/Exiles | Discovered new exit (range 15) 1790 | -10/Exiles | Met 8R-AWN 1812 | -10/Exiles | Met EX-HEX 1906 | -10/Exiles | Met EX-DEC 2397 | -10/Exiles | Discovered new exit (range 10) 2417 | -10/Exiles | Entered Mines 2458 | -9/Mines | Learned 4 Materials zone layouts 2721 | -9/Mines | Discovered new exit (range 12) 2881 | -9/Mines | Assembled infested the area 3092 | -9/Mines | Entered Materials 3092 | -8/Materials | Evolved 4 slots: Propulsion x2, Utility x2 3093 | -8/Materials | Identified exit to Storage 3094 | -8/Materials | Loaded intel: 1 garrison access location 3326 | -8/Materials | Lost 3 parts (1p1n1w) 4057 | -8/Materials | Entered Storage 5208 | -8/Storage | Discovered new exit (range 9) 5343 | -8/Storage | Repaired Enh. Autogun 5474 | -8/Storage | Garrison activated, responded to threat 5879 | -8/Storage | Repaired Hrd. Medium Armor Plating 5941 | -8/Storage | Repaired Enh. Autogun 5961 | -8/Storage | Met a pair of Derelict thieves 6067 | -8/Storage | Destroyed 7 combat bots 6433 | -8/Storage | Assisted by bots powering up and referring to "LRC-V3" 6718 | -8/Storage | Build established: Commander-Mutant 6751 | -8/Storage | Entered Factory 6751 | -7/Factory | Evolved 2 slots: Utility x1, Weapon x1 7518 | -7/Factory | Repaired Enh. Autogun 7805 | -7/Factory | Discovered new exit (range 15) 7820 | -7/Factory | Build established: Tank 7916 | -7/Factory | Identified exit to Lower Caves 7917 | -7/Factory | Repaired Adv. Treads? 7991 | -7/Factory | Repaired Arm. Treads 8019 | -7/Factory | Repaired Seismic Detector 8064 | -7/Factory | Entered Lower Caves 8816 | -7/Lower Caves | Attracted the attention of an 0b10 base 8862 | -7/Lower Caves | Destroyed 7 combat bots 8865 | -7/Lower Caves | Identified exit to Lower Caves 8865 | -7/Lower Caves | Learned 8 Factory zone layouts 8865 | -7/Lower Caves | Learned Factory garrison access intel 8865 | -7/Lower Caves | Learned Armory garrison access intel 9878 | -7/Lower Caves | Learned location of 1 exit from Factory 9974 | -7/Lower Caves | Build established: Mutant 10100 | -7/Lower Caves | Learned Armory stockpile data 10100 | -7/Lower Caves | Learned Research security intel 10386 | -7/Lower Caves | Entered another Lower Caves area 10434 | -7/Lower Caves | Build established: Tank 10483 | -7/Lower Caves | Discovered new exit (range 12) 10757 | -7/Lower Caves | Build established: Mutant 11114 | -7/Lower Caves | Spotted B-75 Beast 11127 | -7/Lower Caves | Destroyed B-75 Beast 11409 | -7/Lower Caves | Build established: Tank 11443 | -7/Lower Caves | Attracted the attention of an 0b10 checkpoint 11544 | -7/Lower Caves | Encountered a Warlord checkpoint 11545 | -7/Lower Caves | Discovered new exit (range 14) 12486 | -7/Lower Caves | Entered Data Miner 12487 | -7/Data Miner | Discovered new exit (range 6) 12531 | -7/Data Miner | Met Data Miner 12578 | -7/Data Miner | Learned location of Section 7 (-2) 12578 | -7/Data Miner | Acquired the access code to Warlord's prototype stash 12612 | -7/Data Miner | Received God Mode back door access code from Data Miner 12701 | -7/Data Miner | Entered Proximity Caves 12895 | -6/Proximity Caves | Escorted by Enhanced Grunt 14079 | -6/Proximity Caves | Attracted the attention of an 0b10 checkpoint 14383 | -6/Proximity Caves | Discovered new exit (range 9) 14450 | -6/Proximity Caves | Found Prototype Device 14450 | -6/Proximity Caves | Identified Exp. Thermal Shield 14666 | -6/Proximity Caves | Entered Factory 14666 | -6/Factory | Evolved 2 slots: Power x1, Utility x1 14667 | -6/Factory | Identified exit to Lower Caves 14669 | -6/Factory | Identified exit to Factory 14670 | -6/Factory | Loaded intel: 4 garrison access locations 15017 | -6/Factory | Build established: Mutant 15344 | -6/Factory | Build established: Tank 15369 | -6/Factory | Entered Lower Caves 15410 | -6/Lower Caves | Spotted B-75 Beast 15481 | -6/Lower Caves | Destroyed B-75 Beast 15827 | -6/Lower Caves | Encountered a Warlord checkpoint 16090 | -6/Lower Caves | Discovered new exit (range 16) 16165 | -6/Lower Caves | Entered another Lower Caves area 16262 | -6/Lower Caves | Build established: Mutant 16359 | -6/Lower Caves | Discovered exit to Factory (range 20) 16520 | -6/Lower Caves | Learned 12 Factory zone layouts 16989 | -6/Lower Caves | Discovered new exit (range 8) 17275 | -6/Lower Caves | Build established: Tank 17357 | -6/Lower Caves | Entered Zion 17426 | -6/Zion | Learned location of Warlord (-5) 17530 | -6/Zion | Discovered new exit (range 16) 17836 | -6/Zion | Build established: Mutant 18044 | -6/Zion | Given the Hacking Drone Bay 18070 | -6/Zion | Discovered new exit (range 13) 18253 | -6/Zion | Found CR-A16's Pointy Stick 18618 | -6/Zion | Entered Proximity Caves 19017 | -5/Proximity Caves | Attracted the attention of an 0b10 checkpoint 19146 | -5/Proximity Caves | Spotted B-75 Beast 19165 | -5/Proximity Caves | Revealed the true nature of CR-A16's Pointy Stick 19165 | -5/Proximity Caves | Destroyed B-75 Beast 19374 | -5/Proximity Caves | Discovered exit to Factory (range 16) 19545 | -5/Proximity Caves | System corruption reached 10% 19548 | -5/Proximity Caves | Entered Factory 19548 | -5/Factory | Evolved 2 slots: Utility x2 19549 | -5/Factory | Identified exit to Upper Caves 19550 | -5/Factory | Identified exit to Extension 19550 | -5/Factory | Identified exit to Factory 20568 | -5/Factory | Entered Extension 20668 | -5/Extension | Build established: Tank 20690 | -5/Extension | Rescued a captive Derelict 20691 | -5/Extension | Rescued a captive Derelict 20701 | -5/Extension | Rescued a captive Derelict 20711 | -5/Extension | Rescued a captive Derelict 21047 | -5/Extension | Build established: Commander-Tank 21889 | -5/Extension | Discovered exit to Factory (range 19) 22047 | -5/Extension | Discovered new exit (range 16) 22050 | -5/Extension | Discovered exit to Factory (range 15) 22201 | -5/Extension | Rescued A7 22303 | -5/Extension | Entered Cetus 22303 | -5/Cetus | Accompanied by 2 allies (A7) 22308 | -5/Cetus | Acquired a Cetus Manufacturing Module code from A7 22333 | -5/Cetus | Spotted Cetus Guard 22333 | -5/Cetus | Spotted Cetus Guard 22338 | -5/Cetus | Spotted Cetus Guard 22341 | -5/Cetus | Destroyed Cetus Guard 22343 | -5/Cetus | Allies destroyed Cetus Guard 22343 | -5/Cetus | Spotted Cetus Guard 22352 | -5/Cetus | Allies destroyed Cetus Guard 22354 | -5/Cetus | Destroyed Cetus Guard 22463 | -5/Cetus | Build established: Scavenger-Tank 22501 | -5/Cetus | Started Cetus Manufacturing Module 22518 | -5/Cetus | Escorted A7 to Cetus Mainframe 22526 | -5/Cetus | Manufactured an Enhanced Grunt 22544 | -5/Cetus | Discovered new exit (range 16) 22551 | -5/Cetus | Manufactured an Enhanced Grunt 22576 | -5/Cetus | Manufactured an Enhanced Grunt 22585 | -5/Cetus | Cetus Manufacturing Module disabled 22588 | -5/Cetus | Spotted Cetus Guard 22589 | -5/Cetus | Spotted Cetus Guard 22590 | -5/Cetus | Destroyed Cetus Guard 22591 | -5/Cetus | Spotted Cetus Guard 22594 | -5/Cetus | Destroyed Cetus Guard 22600 | -5/Cetus | Spotted Cetus Guard 22603 | -5/Cetus | Allies destroyed Cetus Guard 22607 | -5/Cetus | Destroyed Cetus Guard 22636 | -5/Cetus | Discovered exit to Factory (range 15) 22648 | -5/Cetus | Met Revision 17 22739 | -5/Cetus | Entered Archives 22739 | -5/Archives | Accompanied by 3 allies (A7) 22744 | -5/Archives | Received a hacking code to weaken MAIN.C 22804 | -5/Archives | System corruption reached 10% 23067 | -5/Archives | Discovered new exit (range 16) 23264 | -5/Archives | Discovered exit to Factory (range 14) 25428 | -5/Archives | Entered Hub_04(d) 25430 | -5/Hub_04(d) | Discovered exit to Factory (range 11) 25922 | -5/Hub_04(d) | Discovered exit to Factory (range 12) 25992 | -5/Hub_04(d) | Network Hub disabled 26065 | -5/Hub_04(d) | Spotted Lightning 26065 | -5/Hub_04(d) | Spotted Lightning 26066 | -5/Hub_04(d) | Spotted Lightning 26106 | -5/Hub_04(d) | Destroyed Lightning 26132 | -5/Hub_04(d) | Destroyed Lightning 26164 | -5/Hub_04(d) | Destroyed Lightning 26175 | -5/Hub_04(d) | Found Prototype Processor 26200 | -5/Hub_04(d) | Found Prototype Device 26200 | -5/Hub_04(d) | Identified Exp. EM Disruption Field 26206 | -5/Hub_04(d) | Found Prototype Processor 26217 | -5/Hub_04(d) | Identified Exp. Targeting Computer (x2) 26267 | -5/Hub_04(d) | Network Hub disabled 26302 | -5/Hub_04(d) | Entered Factory 26302 | -4/Factory | Evolved 2 slots: Propulsion x2 26338 | -4/Factory | Identified exit to Upper Caves 26345 | -4/Factory | Discovered new exit (range 20) 26927 | -4/Factory | Destroyed 7 combat bots 26959 | -4/Factory | Incoming assault squad redirected 27052 | -4/Factory | First assault squad dispatched 27070 | -4/Factory | Entered Upper Caves 27593 | -4/Upper Caves | Discovered new exit (range 15) 27657 | -4/Upper Caves | Learned Research trap positions 27673 | -4/Upper Caves | Learned location of 1 exit from Proximity Caves 27844 | -4/Upper Caves | Build established: Scavenger-Mutant 28015 | -4/Upper Caves | Learned location of Quarantine (-2) 28119 | -4/Upper Caves | Spotted B-86 Titan 28134 | -4/Upper Caves | Destroyed B-86 Titan 28366 | -4/Upper Caves | Found Alien Artifact 28366 | -4/Upper Caves | Identified Core Expander 28366 | -4/Upper Caves | Installed Core Expander, added new Power slot 28428 | -4/Upper Caves | Entered another Upper Caves area 28541 | -4/Upper Caves | Discovered new exit (range 16) 28735 | -4/Upper Caves | Build established: Scavenger-Tank 29109 | -4/Upper Caves | Discovered new exit (range 17) 29372 | -4/Upper Caves | Entered Zhirov 29372 | -4/Zhirov | Discovered new exit (range 3) 29401 | -4/Zhirov | Met Zhirov 29432 | -4/Zhirov | Learned location of Testing (-3) 29432 | -4/Zhirov | Learned location of Command (-1) 29446 | -4/Zhirov | Zhirov requested help retrieving the SGEMP Prototype 29472 | -4/Zhirov | Found Alien Artifact 29472 | -4/Zhirov | Identified Integrated Reactor 29472 | -4/Zhirov | Installed Integrated Reactor, increased core energy generation (+10) 29497 | -4/Zhirov | Found Alien Artifact 29576 | -4/Zhirov | Build established: Scavenger-Mutant 29665 | -4/Zhirov | Entered Proximity Caves 29666 | -3/Proximity Caves | Identified exit to Research 30237 | -3/Proximity Caves | Entered Research 30237 | -3/Research | Evolved 2 slots: Utility x2 30238 | -3/Research | Loaded intel: 55 trap records 30272 | -3/Research | Discovered new exit (range 12) 30298 | -3/Research | Identified exit to Armory 30298 | -3/Research | Identified exit to Testing 30703 | -3/Research | Spotted B-86 Titan 30825 | -3/Research | Entered Testing 30825 | -3/Testing | Accompanied by 1 ally 30955 | -3/Testing | Unstable Terrabomb Derivative detonated 30997 | -3/Testing | Found Prototype Energy Cannon 30997 | -3/Testing | Identified Disintegrator 31023 | -3/Testing | Found Prototype Processor 31027 | -3/Testing | Identified Exp. Signal Interpreter 31235 | -3/Testing | Found Prototype Energy Cannon 31235 | -3/Testing | Identified Hpw. Disruptor Cannon 31280 | -3/Testing | Found Prototype Protection 31280 | -3/Testing | Identified SHELL Armor 31575 | -3/Testing | Found Prototype Energy Cannon 31575 | -3/Testing | Identified Imp. Potential Cannon 31578 | -3/Testing | Found Prototype Energy Cannon 31578 | -3/Testing | Identified Potential Cannon 31682 | -3/Testing | Build established: Generator-Mutant 31685 | -3/Testing | Found Prototype Processor 31705 | -3/Testing | Identified Spectral Analyzer 32071 | -3/Testing | Spotted Striker 32089 | -3/Testing | Destroyed Striker 32099 | -3/Testing | Spotted PP-U09UCDP3IR 32115 | -3/Testing | Destroyed PP-U09UCDP3IR 32135 | -3/Testing | Found Prototype Processor 32148 | -3/Testing | Identified Exp. Target Analyzer 32315 | -3/Testing | Spotted Striker 32337 | -3/Testing | Destroyed Striker 32425 | -3/Testing | Found Spectral Analyzer 32544 | -3/Testing | Discovered new exit (range 14) 32777 | -3/Testing | Entered Research 32777 | -2/Research | Evolved 2 slots: Utility x2 32787 | -2/Research | Identified exit to Quarantine 33788 | -2/Research | Entered Quarantine 33825 | -2/Quarantine | Found Alien Artifact 33945 | -2/Quarantine | Identified Core Reset Matrix 33945 | -2/Quarantine | Identified Transdimensional Reconstructor 33945 | -2/Quarantine | Used Core Reset Matrix 33949 | -2/Quarantine | Detected hypermatrix surge 33949 | -2/Quarantine | Sensed 8 artifacts in vicinity 34070 | -2/Quarantine | Found Terrabomb 34104 | -2/Quarantine | Found Subatomic Replicator 34301 | -2/Quarantine | P-80 Master assimilated allied Technician 9a 34346 | -2/Quarantine | Cryocooling Duct disabled 34348 | -2/Quarantine | Cryocooling Duct disabled 34361 | -2/Quarantine | Ambient heat levels rising (+20) 34361 | -2/Quarantine | Non-combat units ordered to evacuate 34363 | -2/Quarantine | Ambient heat levels rising (+20) 34363 | -2/Quarantine | Combat units ordered to evacuate 34463 | -2/Quarantine | Quarantine Guard activated 34605 | -2/Quarantine | Found Sigix Broadsword 34641 | -2/Quarantine | Discovered new exit (range 20) 34647 | -2/Quarantine | Spotted Quarantine Guard 34673 | -2/Quarantine | Destroyed Quarantine Guard 34742 | -2/Quarantine | Identified exit to Access 35348 | -2/Quarantine | Spotted Quarantine Guard 35688 | -2/Quarantine | Spotted Quarantine Guard 35694 | -2/Quarantine | Destroyed Quarantine Guard 35876 | -2/Quarantine | Spotted Quarantine Guard 36009 | -2/Quarantine | Destroyed Quarantine Guard 36047 | -2/Quarantine | Destroyed Quarantine Guard 36187 | -2/Quarantine | Cryocooling Duct disabled 36202 | -2/Quarantine | Ambient heat levels rising (+20) 36864 | -2/Quarantine | Spotted Quarantine Guard 36891 | -2/Quarantine | Destroyed Quarantine Guard 37132 | -2/Quarantine | Spotted Fortress 37246 | -2/Quarantine | Discovered new exit (range 5) 37246 | -2/Quarantine | Spotted Quarantine Guard 37251 | -2/Quarantine | Identified exit to Section 7 37252 | -2/Quarantine | Entered Section 7 37253 | -2/Section 7 | Sensed 17 artifacts in vicinity 37265 | -2/Section 7 | Spotted S7 Guard 37305 | -2/Section 7 | Found Core Membrane 37305 | -2/Section 7 | Installed Core Membrane, gained immunity to corruption 37392 | -2/Section 7 | Found Spacefold Activator 37619 | -2/Section 7 | Found Unknown Launcher 37619 | -2/Section 7 | Identified Gamma Bomb Array 37627 | -2/Section 7 | Found Unknown Device 37633 | -2/Section 7 | Found Gamma Bomb Array 37699 | -2/Section 7 | Discovered exit to Access (range 24) 37706 | -2/Section 7 | Identified Quantum Capacitor 37720 | -2/Section 7 | Spotted S7 Guard 37735 | -2/Section 7 | Destroyed S7 Guard 37776 | -2/Section 7 | Found Integrated Thermoelectric Network 37776 | -2/Section 7 | Installed Integrated Thermoelectric Network, gained heat-energy exchange potential 37916 | -2/Section 7 | Spotted Executioner 37918 | -2/Section 7 | Spotted Executioner 37921 | -2/Section 7 | Destroyed Executioner 37929 | -2/Section 7 | Destroyed Executioner 37954 | -2/Section 7 | Found Prototype Processor 37954 | -2/Section 7 | Identified Exp. Core Analyzer 37968 | -2/Section 7 | Found Exp. Core Analyzer 37996 | -2/Section 7 | Found Prototype Device 37996 | -2/Section 7 | Identified Adv. Kinecellerator 38311 | -2/Section 7 | Found LRC Boosters 38311 | -2/Section 7 | Installed LRC Boosters, increased mass support (+10) 38320 | -2/Section 7 | Found LRC Energy Well 38320 | -2/Section 7 | Installed LRC Energy Well, increased energy storage capacity (+250) 38324 | -2/Section 7 | Found LRC Storage 38324 | -2/Section 7 | Installed LRC Storage, increased inventory capacity (+2) 38386 | -2/Section 7 | Found Integrity Redistributor 38533 | -2/Section 7 | Found Transdimensional Reconstructor 38709 | -2/Section 7 | Entered Access 38709 | -1/Access | Evolved 2 slots: Power x1, Weapon x1 38894 | -1/Access | Spotted B-99 Colossus 38972 | -1/Access | Build established: Alien-Assassin 39072 | -1/Access | Warped through subspace 39976 | -1/Access | Incoming assault squad redirected 39999 | -1/Access | First assault squad dispatched 40028 | -1/Access | Incoming assault squad redirected 40118 | -1/Access | Destroyed 9 combat bots 40151 | -1/Access | Found Prototype Device 40151 | -1/Access | Identified Thermal Barrier 40208 | -1/Access | Incoming assault squad redirected 40313 | -1/Access | Spotted B-99 Colossus 40461 | -1/Access | Discovered new exit (range 8) 40475 | -1/Access | Identified exit to Command 40477 | -1/Access | Entered Command 40715 | -1/Command | Build established: Generator-Mutant 40828 | -1/Command | Spotted M Guard 40830 | -1/Command | Spotted Combat Programmer 40830 | -1/Command | Spotted M Guard 40831 | -1/Command | Spotted Combat Programmer 40848 | -1/Command | Destroyed Combat Programmer 40856 | -1/Command | Destroyed Combat Programmer 40866 | -1/Command | Destroyed M Guard 40880 | -1/Command | Destroyed M Guard 40880 | -1/Command | All MAIN.C guards destroyed 40902 | -1/Command | Found Corrupted Prototype Reactor 40902 | -1/Command | Identified Zero-point Reactor 40914 | -1/Command | Found Corrupted Prototype Launcher 40920 | -1/Command | Identified Ragnarok Missile Launcher 40922 | -1/Command | Found Corrupted Zero-point Reactor 40930 | -1/Command | Found Corrupted Prototype Energy Cannon 40931 | -1/Command | Identified Cld. Nova Cannon 40961 | -1/Command | Found Corrupted Prototype Device 40961 | -1/Command | Identified AEGIS Remote Shield 41062 | -1/Command | Found Corrupted Ragnarok Missile Launcher 41105 | -1/Command | Found Corrupted Prototype Protection 41263 | -1/Command | First assault squad dispatched 41577 | -1/Command | Destroyed 8 combat bots 42033 | -1/Command | Destroyed 9 combat bots 42339 | -1/Command | Destroyed 9 combat bots 42752 | -1/Command | Incoming assault squad redirected 43043 | -1/Command | Incoming assault squad redirected 43048 | -1/Command | Incoming assault squad redirected 43519 | -1/Command | Incoming assault squad redirected 43547 | -1/Command | High security lockdown imminent 43575 | -1/Command | Destroyed 10 combat bots 43627 | -1/Command | High security lockdown engaged 43689 | -1/Command | Spotted Executioner 43695 | -1/Command | Spotted Striker 43696 | -1/Command | Destroyed Executioner 43697 | -1/Command | Destroyed Striker 43743 | -1/Command | Destroyed 16 combat bots 43781 | -1/Command | Spotted Executioner 43785 | -1/Command | Destroyed Executioner 43792 | -1/Command | Destroyed Investigator 43820 | -1/Command | Destroyed Executioner 43841 | -1/Command | Destroyed 16 combat bots 43919 | -1/Command | Spotted Executioner 43921 | -1/Command | Spotted Striker 43921 | -1/Command | Spotted Striker 43921 | -1/Command | Spotted Executioner 43922 | -1/Command | Destroyed Executioner 43923 | -1/Command | Destroyed Striker 43925 | -1/Command | Destroyed Striker 43927 | -1/Command | Destroyed Executioner 43958 | -1/Command | Destroyed 27 combat bots 44107 | -1/Command | Spotted Striker 44107 | -1/Command | Spotted Executioner 44110 | -1/Command | Spotted Executioner 44111 | -1/Command | Spotted Striker 44112 | -1/Command | Destroyed Executioner 44115 | -1/Command | Spotted Striker 44115 | -1/Command | Spotted Executioner 44115 | -1/Command | Spotted Executioner 44115 | -1/Command | Destroyed Executioner 44117 | -1/Command | Destroyed Striker 44120 | -1/Command | Spotted Striker 44121 | -1/Command | Destroyed Executioner 44121 | -1/Command | Destroyed Striker 44123 | -1/Command | Spotted Striker 44123 | -1/Command | Destroyed Striker 44123 | -1/Command | Spotted Striker 44125 | -1/Command | Destroyed Executioner 44125 | -1/Command | Destroyed Executioner 44126 | -1/Command | Destroyed Striker 44132 | -1/Command | Destroyed Striker 44136 | -1/Command | Destroyed Striker 44147 | -1/Command | Lost 4 parts (1p1n2w) 44157 | -1/Command | Destroyed 29 combat bots 44379 | -1/Command | Scanned by Researcher 44380 | -1/Command | Destroyed Investigator 45192 | -1/Command | Found Corrupted Prototype Launcher 45192 | -1/Command | Identified Containment Facilitator 45925 | -1/Command | Spotted B-99 Colossus 46412 | -1/Command | Found Quantum Capacitor 46462 | -1/Command | Phase Generator disabled 46937 | -1/Command | Destroyed 9 combat bots 50208 | -1/Command | Found Unknown Device 50208 | -1/Command | Identified Antimissile System 50389 | -1/Command | Spotted Alpha 7 50398 | -1/Command | Spotted Striker 50402 | -1/Command | Spotted Executioner 50416 | -1/Command | Destroyed Striker 50419 | -1/Command | Destroyed Executioner 50423 | -1/Command | Destroyed Alpha 7 50444 | -1/Command | Found Prototype Ballistic Gun 50444 | -1/Command | Identified Multirail 50466 | -1/Command | Found Prototype Energy Gun 50466 | -1/Command | Identified Enh. Gamma Rifle 50471 | -1/Command | Found Prototype Device 50471 | -1/Command | Identified Exp. ECM Suite 50746 | -1/Command | Destroyed B-99 Colossus 50810 | -1/Command | Build established: Alien-Mutant 51331 | -1/Command | Found Prototype Launcher 51364 | -1/Command | Identified Tactical Quantum Warhead 53530 | -1/Command | Build established: Scavenger-Gunner 53724 | -1/Command | Found Corrupted Prototype Protection 53724 | -1/Command | Identified Hvy. Regenerative Plating 54447 | -1/Command | Spotted Striker 54448 | -1/Command | Spotted Alpha 7 54449 | -1/Command | Spotted Executioner 54461 | -1/Command | Destroyed Striker 54463 | -1/Command | Destroyed Executioner 54495 | -1/Command | Destroyed Alpha 7 54949 | -1/Command | Found Adv. Kinecellerator 54955 | -1/Command | Build established: Alien-Mutant 54955 | -1/Command | Found Exp. Targeting Computer 55358 | -1/Command | Spotted Executioner 55362 | -1/Command | Destroyed Executioner 55553 | -1/Command | Spotted Executioner 55604 | -1/Command | Spotted B-99 Colossus 55615 | -1/Command | Destroyed Executioner 55634 | -1/Command | Destroyed B-99 Colossus 55676 | -1/Command | Spotted B-99 Colossus 55700 | -1/Command | Found Corrupted Multirail 55933 | -1/Command | Destroyed B-99 Colossus 56017 | -1/Command | Found Exp. Core Analyzer 56143 | -1/Command | Discovered new exit (range 10) 56159 | -1/Command | Found Multirail 56203 | -1/Command | Found Corrupted Multirail 56407 | -1/Command | Build established: Scavenger-Mutant 57076 | -1/Command | Build established: Alien-Mutant 58041 | -1/Command | Destroyed 49 combat bots 58507 | -1/Command | Destroyed 57 combat bots 58573 | -1/Command | Build established: Scavenger-Mutant 60281 | -1/Command | Destroyed 15 combat bots 61222 | -1/Command | Destroyed 50 combat bots 61441 | -1/Command | Destroyed 51 combat bots 61768 | -1/Command | Destroyed 46 combat bots 62751 | -1/Command | Destroyed 19 combat bots 65044 | -1/Command | Found Corrupted Quantum Capacitor 66264 | -1/Command | Build established: Alien-Mutant 66785 | -1/Command | Met MAIN.C 66788 | -1/Command | 0b10 Conduit disabled 66794 | -1/Command | Destroyed MAIN.C Shell 66796 | -1/Command | MAIN.C activated Command garrisons 66822 | -1/Command | Destroyed MAIN.C 66839 | -1/Command | Discovered new exit (range 38) 66839 | -1/Command | Discovered new exit (range 104) 66839 | -1/Command | Extracted map data and part IDs from MAIN.C's data core 66844 | -1/Command | Found Exp. Powered Armor 66850 | -1/Command | Found Zero-point Reactor 67105 | -1/Command | Build established: Scavenger-Gunner 68119 | -1/Command | Build established: Scavenger-Mutant 69457 | -1/Command | Used Subatomic Replicator to replicate Integrity Redistributor 69712 | -1/Command | Core integrity fell below 50% 70028 | -1/Command | Build established: Generator-Mutant 72190 | -1/Command | Build established: Scavenger-Mutant 72642 | -1/Command | Build established: Scavenger-Tank 72850 | -1/Command | Used Integrity Redistributor, redistributed integrity to core (+807) 73229 | -1/Command | Build established: Alien-Mutant 73502 | -1/Command | Found Vortex Chain Reactor 73505 | -1/Command | Found Zero-point Reactor 73520 | -1/Command | Found Exp. Weapon Cycler 73528 | -1/Command | Found Exp. Weapon Cycler 73795 | -1/Command | Build established: Generator-Mutant 75396 | -1/Command | Warped through subspace to slip node 75396 | -1/Command | Discovered new exit (range 4) 75408 | -1/Command | Entered Access_0 75409 | -1/Access_0 | Sensed 4 artifacts in vicinity 75409 | -1/Access_0 | Met Architect 75416 | -1/Access_0 | Destroyed A8 75431 | -1/Access_0 | Architect warped through subspace 75456 | -1/Access_0 | Architect warped through subspace 75491 | -1/Access_0 | Architect warped through subspace 75522 | -1/Access_0 | Architect warped through subspace 75528 | -1/Access_0 | Subspace Access Node disabled 75542 | -1/Access_0 | Architect warped through subspace 75555 | -1/Access_0 | Architect warped through subspace 75574 | -1/Access_0 | Subspace Access Node disabled 75582 | -1/Access_0 | Architect warped through subspace 75614 | -1/Access_0 | Architect warped through subspace 75624 | -1/Access_0 | A6 warped into view 75632 | -1/Access_0 | Destroyed A6 75636 | -1/Access_0 | Architect warped through subspace 75649 | -1/Access_0 | Subspace Access Node disabled 75651 | -1/Access_0 | Architect warped through subspace 75695 | -1/Access_0 | Architect warped through subspace 75719 | -1/Access_0 | Used Integrity Redistributor, redistributed integrity from core (-364) 75732 | -1/Access_0 | Architect warped through subspace 75766 | -1/Access_0 | Subspace Access Node disabled 75776 | -1/Access_0 | Destroyed Architect 75777 | -1/Access_0 | Architect triggered a singularity event 75778 | -1/Access_0 | Released all parts (18) 75780 | -1/Access_0 | Found Hpw. Transdimensional Reconstructor 75780 | -1/Access_0 | Warped through subspace to slip node 75780 | -1/Access_0 | Discovered new exit (range 8) 75784 | *** | Escaped singularity! Last Messages --------------- 75778_ Released Vortex Chain Reactor. 75778_ Released Exp. Targeting Computer. 75778_ Released Exp. Core Analyzer. 75778_ Released Huge Storage Unit. 75778_ Released Sigix Broadsword. 75778_ Released Zero-point Reactor. 75778_ Released Exp. Biometal Heavy Treads. 75778_ Released Imp. Armor Integrity Analyzer. 75778_ Released Arm. Heavy Treads. 75778_ Released Exp. Power Amplifier. 75778_ Released Imp. Utility Shielding. 75779_ A0_COM: 9. 75780_ A0_COM: 8. 75780_ Acquired Hpw. Transdimensional Reconstructor. 75780_ Warped through subspace, drawn to slip node. 75780_ EXIT=FOUND 75781_ A0_COM: 7. 75782_ A0_COM: 6. 75783_ A0_COM: 5. 75784_ A0_COM: 4. Map ----- +----------------------------------------------------+ | | | | | | | | | | | | | | | | | | | | | | | | | | | | | | | | | ?????????????????????????????????????????????????? | | ?????????????????????????????????????????????????? | | ?????????????????????????????????????????????????? | | ?????????????????????????????????????????????????? | | ?????????????????????????????????????????????????? | | ?????????????????????????????????????????????????? | | ????????????????????????###??????????????????????? | | ???????????????????????## ##?????????????????????? | | ???????????????????????# #?????????????????????? | | ???????????????????????# @ #?????????????????????? | | ??????????????????????## #?????????????????????? | | ??????????????????????# #?????????????????????? | | ??????????????????????# ##?????????????????????? | | ??????????????????????## #?????????????????????? | | ??????????????????????# #?????????????????????? | | ??????????????????????# ##?????????????????????? | | ??????????????????????# < #?????????????????????? | | ??????????????????????# ##?????????????????????? | | ??????????????????????## #??????????????????????? | | ???????????????????????####??????????????????????? | | ?????????????????????????????????????????????????? | | ?????????????????????????????????????????????????? | | ?????????????????????????????????????????????????? | | ?????????????????????????????????????????????????? | | ?????????????????????????????????????????????????? | | ?????????????????????????????????????????????????? | | ?????????????????????????????????????????????????? | | ?????????????????????????????????????????????????? | | ?????????????????????????????????????????????????? | | ?????????????????????????????????????????????????? | | ?????????????????????????????????????????????????? | | ?????????????????????????????????????????????????? | | ?????????????????????????????????????????????????? | | ?????????????????????????????????????????????????? | +----------------------------------------------------+ Best States ------------- Heat Dissipation 106 Energy Generation 163 Energy Capacity 1950 Matter Stores 340 Matter Capacity 800 Sight Range 16 Robot Scan Range 16 Terrain Scan Range 24 Terrain Scan Density 210 Jamming Range 14 Cloak Strength 3 Power Amplification 40 Base Temperature (-) 200 EM Shielding 4 Armor Coverage 3000 Resistance: KI 30 Resistance: EM 75 Utility Shielding 66 Weapon Shielding 66 Point Defense Rating 320 Weapon Cycling 30 Phase Shifting 5 Evasion (%) 50 Targeting Accuracy 12 Core Analysis 8 Armor Integrity Analysis 40 Recoil Reduction 10 Particle Charging 25 Kinecelleration 50 Salvage Targeting 4 Offensive Hacking 14 Defensive Hacking 10 Authchip Count 1 Item Schematics ----------------- None Robot Schematics ------------------ None Fabricated ------------ Nothing Alien Tech Used ----------------- Core Expander Integrated Reactor Core Reset Matrix Core Membrane Spacefold Activator Sigix Broadsword Integrated Thermoelectric Network LRC Boosters LRC Energy Well LRC Storage Transdimensional Reconstructor Subatomic Replicator Integrity Redistributor High-powered Transdimensional Reconstructor Achievements -------------- None Challenges ------------ None Game ------ Seed ArchitectMasterSteel Manual? 0 Play Time 10:56:11 Cumulative 516.1 hours Start 2022.05.10 @ 20:18:25 End 2022.05.13 @ 10:55:59 Sessions 5 Manual Loads 0 Difficulty Rogue Special Mode None Game No. 266 Rogue 266 Adventurer 0 Explorer 0 Win Type 6 Total 25 Types 1/5/4/1/1/1/10/1/1 Lore% 90 Gallery% 91 Achievement% 76 Wizard Run 0 Options --------- ASCII 1 Keyboard 1 Movement Vi Keybinds 0 Fullscreen 2 Font 18/SmallcapsGlow Map View 76x50 Tactical HUD 1 Map Filters NONE Filters NONE Steam 1 RUN: ed98c542-5297-41b3-bbc8-c9b329f1eb4c